Workbook
Name PRINT_AREA: #N/A
Name PRINT_AREA_MI: #N/A
Name PRINT_AREA_MI: #N/A
Name PRINT_TITLES: #N/A
Name PRINT_TITLES_MI: #N/A
Name PRINT_TITLES_MI: #N/A

Sheet LISTA DE OFERENTES
A1: FONDO DE DESARROLLO LOCAL DE ENGATIVÁ
A2: FDLE-CMA-795-2024
A3: No. | B3: NOMBRE | C3: REPRESENTANTE LEGAL | D3: TIPO DE OFERENTE | E3: CONSORCIADO 1 | F3: CONSORCIADO 2 | G3: CONSORCIADO 3 | H3: CONSORCIADO 4 | I3: OBSERVACIONES
A4: 1 | B4: CONSORCIO PARQUES IA | C4: ISABEL VICTORIA LEON REYES | D4: CONSORCIO | E4: INTERSA S.A - 95% | F4: A & L INGENIEROS CONSULTORES S.A.S. - 5% | I4: EL OFERENTE NO CUMPLE YA QUE EL CONSORCIADO A&L INGENIEROS CONSULTORES S.A.S. SU DOMICILIO ES DEL MUNICIPIO DE LA CALERA-RUP (NO CUMPLE CON LO ESTABLECIDO EN EL ARTICULO ARTÍCULO 2.2.1.2.4.2.3 Y ARTÍCULO 2.2.1.2.4.2.4., del Dcreto 1860 de 2021, Así mismo dando aplicabilidad a la resolución de apertura No. 297 del 5 de noviembre de 2024, la cual indica que se limitara a mipymes terriotiales Bogotá.)
A5: =+A4+1 -> 2 | B5: CONSORCIO METRO CINCO | C5: OSCAR ALFREDO MONTOYA | D5: CONSORCIO | E5: GRUPO METRO COLOMBIA S.A.S - 90% | F5: OSCAR ALFREDO MONTOYA - 10%
A6: =+A5+1 -> 3 | B6: HR INGENIERIA SAS | C6: YELMAN YOHANI HERNÁNDEZ | D6: EMPRESA | E6: HR INGENIERIA SAS - 100%
A7: =+A6+1 -> 4 | B7: INGECO INGENIERIA DE CONSTRUCCIONES S.A.S | C7: CARLOS MARIO ROLON AMAYA | D7: EMPRESA | E7: INGECO INGENIERIA DE CONSTRUCCIONES S.A.S - 100%
A8: =+A7+1 -> 5 | B8: A&G PLUS SAS BIC | C8: ANGÉLICA ELVIRA PERDOMO PACHÓN | D8: EMPRESA | E8: A&G PLUS SAS BIC - 100%
A9: =+A8+1 -> 6 | B9: CONSORCIO PARQUES ENGATIVÁ 2025 | C9: NAYDU LISBETH LOPEZ | D9: CONSORCIO | E9: SANDRA MONICA CARDOZO - 50% | F9: AHLA SHUGL INTERNATIONAL SAS - 50%
A10: =+A9+1 -> 7 | B10: CONSULTORA COLOMBIANA TRIPLE C S.A.S BIC | C10: MEBYS SEGRIT OSSA LOPEZ | D10: EMPRESA | E10: CONSULTORA COLOMBIANA TRIPLE C S.A.S BIC - 100%
A11: =+A10+1 -> 8 | B11: CONSULTORES, DESARROLLO Y AMBIENTE SAS BIC | C11: RICARDO MORENO GARCIA | D11: EMPRESA | E11: CONSULTORES, DESARROLLO Y AMBIENTE SAS BIC - 100%
A12: =+A11+1 -> 9 | B12: CONSORCIO BOGOTÁ | C12: JHON HERMENSON MÉNDEZ NAVARRO | D12: CONSORCIO | E12: CODINE CONSTRUCCIONES SAS - 60% | F12: INTERCONDI SAS - 30% | G12: DHE INGENIERIA SAS - 10%
A13: =+A12+1 -> 10 | B13: LOS ROSALES CONSTRUCTORA INMOBILIARIA SAS | C13: CESAR ALFONSO JIMENEZ QUINTERO | D13: EMPRESA | E13: CESAR ALFONSO JIMENEZ QUINTERO - 100%
A14: =+A13+1 -> 11 | B14: CONSORCIO PARQUES JAPG 2024 | C14: JAIR ANDRÉS PARRA GARZÓN | D14: CONSORCIO | E14: ENVIRONMENTAL AND GEOMECHANICAL SOLUTIONS EGS SAS - 90% | F14: JAPG INGENIERIA SAS. - 10%
A15: =+A14+1 -> 12 | B15: ESTUDIOS TÉCNICOS Y CONSTRUCCIONES SAS | C15: MANUEL LEOPOLDO GONGORA SIERRA | D15: EMPRESA | E15: ESTUDIOS TÉCNICOS Y CONSTRUCCIONES SAS -100%
A16: =+A15+1 -> 13 | B16: CONSORCIO SIGMA | C16: CESAR ASHLEY MORA BARNEY | D16: CONSORCIO | E16: INVERMOHES SAS BIC -51% | F16: 2C INGENIEROS SA-49% | I16: SE SOLICITA precisión sobre el tipo de asociación . Los Proponentes deben incluir como mínimo la información requerida en el “Formato 2 – Conformación de Proponente Plural” (“Formato 2ADocumento de conformación de Consorcio”) (“Formato 2B – Documento de conformación de Unión Temporal). Los Proponentes pueden introducir datos adicionales que no contradigan lo dispuesto en los documentos del Proceso de Contratación
A17: =+A16+1 -> 14 | B17: PROJEKTA LTDA. INGENIEROS CONSULTORES | C17: SERGIO RAFAEL PABON LOZANO | D17: EMPRESA | E17: PROJEKTA LTDA. INGENIEROS CONSULTORES - 100%
A18: =+A17+1 -> 15 | B18: PRAN CONSTRUCCIONES S.A.S. | C18: RICARDO POVEDA ALVAREZ | D18: EMPRESA | E18: PRAN CONSTRUCCIONES S.A.S. - 100%
A19: =+A18+1 -> 16 | B19: CONSORCIO INTER 1 | C19: JULIAN DUARTE VILLAMIL | D19: CONSORCIO | E19: GABRIEL DUARTE DIAZ - 5% | F19: CARING S.A.S - 95%
A20: =+A19+1 -> 17 | B20: CONSORCIO EG-795 KM | C20: CESAR AUGUSTO CAMARGO CAMARGO | D20: CONSORCIO | E20: KALPA INGENIERIA SAS SOCIEDAD DE BENEFICIO E INTERES COLECTIVO - BIC - 99% | F20: MEDINA & RIVERA INGENIEROS ASOCIADOS SAS - 1%
A21: =+A20+1 -> 18 | B21: CONSORCIO INTERENGATIVA E&D | C21: DIEGO RICARDO PIÑEROS | D21: CONSORCIO | E21: EIS CONSTRUCTORES SAS - 90% | F21: DAM SOLUCIONES E INGENIERIA SAS - 10%
A22: =+A21+1 -> 19 | B22: COVILCO INGENIERIA S.A.S | C22: VICTOR JOSE LOPEZ GALVAN | D22: EMPRESA | E22: COVILCO INGENIERIA S.A.S - 100%
A23: =+A22+1 -> 20 | B23: CONSORCIO PRO-TEV 24 | C23: OSCAR ANDRES PLAZAS ROLDAN | D23: CONSORCIO | E23: PROYECTISTAS ASOCIADOS SAS - 91% | F23: CONSTRUCTORA TEATINO VARGAS – CONSTRUTEV SAS - 9%
A24: =+A23+1 -> 21 | B24: CONSORCIO INTER PARQUES ENGATIVA G&L | C24: JORGE GOMEZ FALLA | D24: CONSORCIO | E24: GNG SERVICIOS DE INGENIERÍA S.A.S. - 60% | F24: LUIS GUILLERMO NARVÁEZ RICARDO - 40%
A25: =+A24+1 -> 22 | B25: SOLUCIONES PARA LA INGENIERÍA S.A.S. | C25: IVÁN AUGUSTO BARRETO ESQUIVEL | D25: EMPRESA | E25: SOLUCIONES PARA LA INGENIERÍA S.A.S. - 100%
A26: =+A25+1 -> 23 | B26: CONSORCIO SAN MARTIN 795 | C26: RAUL ORLANDO DELGADO CABIATIVA | D26: CONSORCIO | E26: SOLIUN S.A.S. - 90% | F26: INGENIERIA CMC S.A.S. - 10%
A27: =+A26+1 -> 24 | B27: CONSORCIO GTC INTERPARK | C27: CARLOS ALBERTO UMBARILA ZAMORA | D27: CONSORCIO | E27: NELSON ERNESTO PEÑA RODRÍGUEZ - 70% | F27: HERNANDO LANCHEROS IBAÑEZ - 20% | G27: GESTIÓN TOTAL CORPORATIVA SAS BIC - 10%
A28: =+A27+1 -> 25 | B28: CIAF LTDA INGENIERIA | C28: FRANCISCO EDUARDO VÁSQUEZ ROMERO | D28: EMPRESA | E28: CIAF LTDA INGENIERIA - 100%
A29: =+A28+1 -> 26 | B29: JESAK SAS | C29: MARIA ISABEL DEL RIO PAJARO | D29: EMPRESA | E29: JESAK SAS-100%
A30: =+A29+1 -> 27 | B30: INTERVENTORIA Y CONSTRUCIVILES SAS | C30: CARLOS ALBERTO ARAMBULA CURREA | D30: EMPRESA | E30: INTERVENTORIA Y CONSTRUCIVILES SAS -100%
A31: =+A30+1 -> 28 | B31: CONSORCIO INTER-PARQUES OCCIDENTE | C31: ELBER RAMIRO AGUIRRE ORTIZ | D31: CONSORCIO | E31: GEAGOR SAS BIC-90% | F31: C&J DISEÑO Y CONSTRUCCION DE OBRAS CIVILES LTDA - 10%
A32: =+A31+1 -> 29 | B32: CONSORCIO EPSILON ENGATIVA | C32: WILSON GIOVANNI URREA URREA | D32: CONSORCIO | E32: PROYECTOS E INTERVENTORÍAS S.A.S – PI S.A.S - 70% | F32: INGENIERÍA DE ESTUDIOS Y ASESORIAS S.A.S. INESAS S.A.S - 30%
A33: =+A32+1 -> 30 | B33: CONSORCIO IA PLUS 2024 | C33: Yamil Fabian Castrillón | D33: CONSORCIO | E33: IA INGENIERIA Y ARQUITECTURA DE COLOMBIA SAS - 50% | F33: DIEZ PLUS INGENIERÍA SAS - 50% | I33: EL OFERENTE NO CUMPLE YA QUE EL CONSORCIADO DIEZ PLUS INGENIERÍA S.A.S. SU DOMICILIO ES DEL MUNICIPIO DE LA CALERA-RUP (NO CUMPLE CON LO ESTABLECIDO EN EL ARTICULO ARTÍCULO 2.2.1.2.4.2.3 Y ARTÍCULO 2.2.1.2.4.2.4., del Dcreto 1860 de 2021, Así mismo dando aplicabilidad a la resolución de apertura No. 297 del 5 de noviembre de 2024, la cual indica que se limitara a mipymes terriotiales Bogotá.)
A34: =+A33+1 -> 31 | B34: APP CONSULTORES & ESTRUCTURADORES S.A.S | C34: ANA MARGOTH CASTILLO REYES | D34: EMPRESA | E34: APP CONSULTORES & ESTRUCTURADORES S.A.S - 100%
A35: =+A34+1 -> 32 | B35: ARQUITECTURA URBANA LTDA | C35: Hernando Daza Berrio | D35: EMPRESA | E35: ARQUITECTURA URBANA LTDA - 100%
A36: =+A35+1 -> 33 | B36: CONSORCIO TABORA | C36: JUAN CARLOS BONILLA CABEZAS | D36: CONSORCIO | E36: GRUPO CONSULTOR KAPITAL SAS - 90% | F36: INGCONAL SAS - 10%
A37: =+A36+1 -> 34 | B37: CONSORCIO CT | C37: CARLOS FERNANDO LOPEZ | D37: CONSORCIO | E37: CIVILE SAS BIC - 95% | F37: TAYFER DE COLOMBIA LTDA - 5%
A38: =+A37+1 -> 35 | B38: CONSORCIO INVIMAZ 2024 | C38: LUIS ALBERTO VILLARREAL | D38: CONSORCIO | E38: INVIBA S.A.S. - 10% | F38: MAZ INTERVENTORES Y CONSULTORES S.A.S. - 90% | I38: EL OFERENTE NO CUMPLE YA QUE EL CONSORCIADO MAZ INTERVENTORES Y CONSULTORES S.A.S. SU DOMICILIO ES DEL MUNICIPIO DE LA CALERA-RUP (NO CUMPLE CON LO ESTABLECIDO EN EL ARTICULO ARTÍCULO 2.2.1.2.4.2.3 Y ARTÍCULO 2.2.1.2.4.2.4., del Dcreto 1860 de 2021, Así mismo dando aplicabilidad a la resolución de apertura No. 297 del 5 de noviembre de 2024, la cual indica que se limitara a mipymes terriotiales Bogotá.)
A39: =+A38+1 -> 36 | B39: CONSORCIO CONSULTORES ENGATIVA | C39: OSCAR GREGORIO GORDILLO | D39: CONSORCIO | E39: GORDILLO & ASOCIADOS SAS - 50% | F39: CLEMENTE ALFREDO BUITRAGO SAS - 50%
A40: =+A39+1 -> 37 | B40: PROYECTOS DE DESARROLLO E INFRAESTRUCTURA COLOMBIA S.A.S. – PRODEINCOL S.A.S. | C40: MARTHA LUCIA FLETSCHER MEDINA | D40: EMPRESA | E40: PROYECTOS DE DESARROLLO E INFRAESTRUCTURA COLOMBIA S.A.S. – PRODEINCOL S.A.S.
A41: =+A40+1 -> 38 | B41: R&M CONSTRUCCIONES E INTERVENTORIAS S.A.S. | C41: CESAR EDUARDO GOMEZ GOMEZ | D41: EMPRESA | E41: R&M CONSTRUCCIONES E INTERVENTORIAS S.A.S.
A42: =+A41+1 -> 39 | B42: CONSORCIO ALMA – INTERNOVAC | C42: Álvaro Hernando Vera Ayala | D42: CONSORCIO | E42: ALMA Interventoría & Consultoría S.A.S | F42: INTERNOVAC GROUP S.A.S - BIC
A43: =+A42+1 -> 40 | B43: R&Y GRUP SAS | C43: JUAN DAVID RAMOS BUITRAGO | D43: EMPRESA | E43: R&Y GURP SAS 100%
A44: =+A43+1 -> 41 | B44: CONSORCIO PROYECTOS 2024 | C44: CAMILO ANDRES ROSARIO RUBIO | D44: CONSORCIO | E44: AC2R INGENIERIA Y PROYECTOS S.A.S 90% | F44: FUNDACION CAMINO VERDE ONG SOCIAL CULTURAL Y AMBIENTAL CON SIGLA FUNDCAVE 10%
A45: =+A44+1 -> 42 | B45: CONSORCIO INTERVENTORES S&C | C45: ANDRÉS MORENO POSADA | D45: CONSORCIO | E45: SENSYS GROUP S.A.S 10% | F45: CELQO S.A.S 90%
A46: =+A45+1 -> 43 | B46: CONSORCIO MOSCU | C46: NICK RANDY ALMEIDA GAMARRA | D46: CONSORCIO | E46: MIRS LATINOAMERICA S.A.S - 60% | F46: INGENIERIA ROBLES SAS - 40%
A47: =+A46+1 -> 44 | B47: CONSORCIO SAIEC | C47: JULIAN PASTOR VALBUENA LOPEZ | D47: CONSORCIO | E47: ECG INGENIERIA SAS - 50% | F47: SAICON S.A.S - 50%
A48: =+A47+1 -> 45 | B48: CONSORCIO IDEA | C48: CESAR ALBERTO ROSADO MANRIQUE | D48: CONSORCIO | E48: INCOPLAN IN SAS - 60 % | F48: GEINCO SAS - 40%
A49: =+A48+1 -> 46 | B49: CONSORCIO ENGATIVA JINT 95 | C49: CESAR AUGUSTO PALACIOS WILCHES | D49: CONSORCIO | E49: JPS INGENIERIA S.A.S. - 90% | F49: INTING S.A.S. - 10%

Sheet EXPERIENCIA DEL PROPONENTE
A1: FONDO DE DESARROLLO LOCAL DE ENGATIVÁ
A2: FDLE-CMA-795-2024
A3: REQUISITOS PONDERABLE FACTOR No. 1 | T3: CUMPLE
T4: NO CUMPLE | V4: CUMPLE
V5: NO CUMPLE
A7: 1 | E7: =VLOOKUP(A7,'REQUISITOS HAB. TECNICOS'!$A$5:$B$80,2,FALSE) -> CONSORCIO PARQUES IA
A8: NÚMERO DE CONTRATOS PRESENTADOS VALIDOS | B8: 4 | C8: PRESUPUESTO OFICIAL EN SMMLV | D8: =$D$628 -> 279.72028
A9: PROMEDIO DE SMMLV | C9: =H20/B8 -> #N/A
A10: TERMINO DE EJECUCION EXIGIDO | C10: 45610
A11: TOTAL SALARIOS MINIMOS ACREDITADOS | C11: =+IF(H20>D8,"CUMPLE","NO CUMPLE") -> #N/A
A12: CONDICIONES DE EXPERIENCIA | I12: CONDICION N°. 1 (VER TABLA AL FINAL DE LA HOJA) | J12: CONDICION N°. 2 (VER TABLA AL FINAL DE LA HOJA) | K12: CONDICION N°. 4 (VER TABLA AL FINAL DE LA HOJA) | M12: VALIDACIÓN CONDICIONES | N12: VALIDACIÓN EXPERIENCIA GENERAL | O12: EXPERIENCIA ESPECIFICA (1) SUMATORIA DOS CONTRATOS MINIMO 70% PRESUPUESTO OFICIAL | Q12: CONCLUSIÓN ACREDITACIÓN EXPERIENCIA GENERAL Y EXPERIENCIA ESPECIFICA | R12: OBSERVACIÓN Y RESPUESTA OBSERVACIONES
A13: Objeto del Contrato | B13: Entidad Contratante | D13: Valor Contrato | E13: Año de ejecución aportado | F13: Valor del Contrato en SMMLV | G13: Participación UT/CONSORCIO | H13: Participación en SMMLV | I13: Término de ejecución aportado | J13: CODIGO UNSPSC SEGMENTOS 80 Y 81 | K13: Valor exigido 50%SMMLV | L13: Valor aportado
A14: =VLOOKUP(A7,'LISTA DE OFERENTES'!$A$4:$G$80,5,FALSE) -> INTERSA S.A - 95% | K14: =$D$628*0.5 -> 139.86014 | Q14: =IF(AND(N20="CUMPLE",O20="CUMPLE"),"CUMPLE","NO CUMPLE") -> NO CUMPLE
F15: =D15/(VLOOKUP(E15,$D$654:$E$687,2,FALSE)) -> #N/A | G15: 0.2 | H15: =F15*G15 -> #N/A | L15: =H15 -> #N/A | O15: =$D$628*0.7 -> 195.8042 | R15: EL OFERENTE NO CUMPLE YA QUE EL CONSORCIADO A&L INGENIEROS CONSULTORES S.A.S. SU DOMICILIO ES DEL MUNICIPIO DE LA CALERA-RUP (NO CUMPLE CON LO ESTABLECIDO EN EL ARTICULO ARTÍCULO 2.2.1.2.4.2.3 Y ARTÍCULO 2.2.1.2.4.2.4., del Dcreto 1860 de 2021, Así mismo dando aplicabilidad a la resolución de apertura No. 297 del 5 de noviembre de 2024, la cual indica que se limitara a mipymes terriotiales Bogotá.)
F16: =D16/(VLOOKUP(E16,$D$654:$E$687,2,FALSE)) -> #N/A | G16: 0.2 | H16: =F16*G16 -> #N/A | L16: =H16 -> #N/A
A17: =VLOOKUP(A7,'LISTA DE OFERENTES'!$A$4:$G$80,6,FALSE) -> A & L INGENIEROS CONSULTORES S.A.S. - 5%
F18: =D18/(VLOOKUP(E18,$D$654:$E$687,2,FALSE)) -> #N/A | G18: 0.2 | H18: =F18*G18 -> #N/A | L18: =H18 -> #N/A
F19: =D19/(VLOOKUP(E19,$D$654:$E$687,2,FALSE)) -> #N/A | G19: 0.2 | H19: =F19*G19 -> #N/A | L19: =H19 -> #N/A
A20: TOTALES | F20: =+SUM(F15:F19) -> #N/A | H20: =+SUM(H15:H19) -> #N/A | I20: EXPERIENCIA DEL PROPONENTE | O20: =IF(P20>O15,"CUMPLE","NO CUMPLE") -> NO CUMPLE | P20: =SUM(P15:P19) -> 0 | R20: NO HABILITADO
A22: =1+A7 -> 2 | E22: =VLOOKUP(A22,'REQUISITOS HAB. TECNICOS'!$A$5:$B$80,2,FALSE) -> CONSORCIO METRO CINCO
A23: NÚMERO DE CONTRATOS PRESENTADOS VALIDOS | B23: 4 | C23: PRESUPUESTO OFICIAL EN SMMLV | D23: =$D$628 -> 279.72028
A24: PROMEDIO DE SMMLV | C24: =H36/B23 -> 863.4327
A25: TERMINO DE EJECUCION EXIGIDO | C25: 45610
A26: TOTAL SALARIOS MINIMOS ACREDITADOS | C26: =+IF(H36>D23,"CUMPLE","NO CUMPLE") -> CUMPLE
A27: CONDICIONES DE EXPERIENCIA | I27: CONDICION N°. 1 (VER TABLA AL FINAL DE LA HOJA) | J27: CONDICION N°. 2 (VER TABLA AL FINAL DE LA HOJA) | K27: CONDICION N°. 4 (VER TABLA AL FINAL DE LA HOJA) | M27: VALIDACIÓN CONDICIONES | N27: VALIDACIÓN EXPERIENCIA GENERAL | O27: EXPERIENCIA ESPECIFICA (1) SUMATORIA DOS CONTRATOS MINIMO 70% PRESUPUESTO OFICIAL | Q27: CONCLUSIÓN ACREDITACIÓN EXPERIENCIA GENERAL Y EXPERIENCIA ESPECIFICA | R27: OBSERVACIÓN Y RESPUESTA OBSERVACIONES
A28: Objeto del Contrato | B28: Entidad Contratante | D28: Valor Contrato | E28: Año de ejecución aportado | F28: Valor del Contrato en SMMLV | G28: Participación UT/CONSORCIO | H28: Participación en SMMLV | I28: Término de ejecución aportado | J28: CODIGO UNSPSC SEGMENTOS 80 Y 81 | K28: Valor exigido 50%SMMLV | L28: Valor aportado
A29: =VLOOKUP(A22,'LISTA DE OFERENTES'!$A$4:$G$80,5,FALSE) -> GRUPO METRO COLOMBIA S.A.S - 90% | K29: =$D$628*0.5 -> 139.86014 | M29: CUMPLE | Q29: =IF(AND(N36="CUMPLE",O36="CUMPLE"),"CUMPLE","NO CUMPLE") -> CUMPLE
A30: INTERVENTORÍA TÉCNICA, ADMINISTRATIVA, FINANCIERA, LEGAL, AMBIENTAL Y SOCIAL PARA LA IMPLANTACIÓN Y CONSTRUCCIÓN DE LOS ANDENES Y CICLORRUTA DE LA AV. CALLEJAS (AC127) DESDE LA AV. ALBERTO LLERAS CAMARGO (AK 7) HASTA LA AV. SANTA BÁRBARA (AK 19) AMBOS COSTADOS EN BOGOTÁ D.C. | B30: IDU | D30: 1172578649 | E30: 2011 | F30: =D30/(VLOOKUP(E30,$D$654:$E$687,2,FALSE)) -> 2189.2805 | G30: 0.9 | H30: =F30*G30 -> 1970.3525 | I30: 40618 | J30: CUMPLE | L30: =H30 -> 1970.3525 | N30: CUMPLE | O30: =$D$628*0.7 -> 195.8042 | P30: =+L30 -> 1970.3525
A31: EJERCER LA INTERVENTORÍA TÉCNICA, ADMINISTRATIVA Y FINANCIERA,A PRECIO GLOBAL FIJO PARA EL CONTRATO DE ESTUDIOS,DISEÑO Y CONSTRUCCIÓN DE OBRAS DE ESPACIO PÚBLICO EN LAS LOCALIDADES DE BOSA, KENNEDY,SUBA Y ENGATIVA | B31: IDU | D31: =49324650+7500000+13941505 -> 70766155 | E31: 2001 | F31: =D31/(VLOOKUP(E31,$D$654:$E$687,2,FALSE)) -> 247.43411 | G31: 0.5 | H31: =F31*G31 -> 123.71705 | I31: 36934 | J31: CUMPLE | L31: =H31 -> 123.71705 | N31: CUMPLE
A32: INTERVENTORÍA TÉCNICA Y ADMINISTRATIVA, FINANCIERA Y AMBIENTAL PARA LOS ESTUDIOS,DISEÑOS Y CONSTRUCCIÓN DE OBRAS DE ESPACIO PÚBLICO EN LA LOCALIDAD DE SANTAFÉ Y LA ACTUALIZACIÓN Y COMPLEMENTACIÓN DE LOS ESTUDIOS, DISEÑOS Y CONSTRUCCIÓN DE OBRAS DE ESPACIO PÚBLICO EN LA LOCALIDADN DE ANTONIO NARIÑO EN BOGOTÁ D.C. | B32: IDU | D32: 56254299 | E32: 2004 | F32: =D32/(VLOOKUP(E32,$D$654:$E$687,2,FALSE)) -> 157.13491 | G32: 1 | H32: =F32*G32 -> 157.13491 | I32: 38259 | J32: CUMPLE | L32: =H32 -> 157.13491 | N32: CUMPLE
A33: INTERVENTORÍA TÉCNICA, ADMINISTRATIVA, LEGAL, FINANCIERA,SOCIAL,AMBIENTAL Y S&SO PARA LA EJECUCIÓN DE DIAGNOSTICO, OBRAS DE MANTENIMIENTO, MEJORAMIENTO, ADECUACIÓN Y REHABILITACIÓN DE ESPACIO PUBLICO EN BOGOTÁ D.C., ETAPA 1-2014-GRUPO1 ZONA NORTE (ZONA 1 USAQUEN Y CHAPINERO, ZONA2 - ENGATIVA, ZONA 3 - SUBA, ZONA 4- FONTIBON Y PUENTE ARANDA, ZONA 8 BARRIOS UNIDOS Y TEUSAQUILLO) | B33: IDU | D33: 1356293524 | E33: 2016 | F33: =D33/(VLOOKUP(E33,$D$654:$E$687,2,FALSE)) -> 1967.1966 | G33: 0.5 | H33: =F33*G33 -> 983.59829 | I33: 42430 | J33: CUMPLE | L33: =H33 -> 983.59829 | N33: CUMPLE
A34: =VLOOKUP(A22,'LISTA DE OFERENTES'!$A$4:$G$80,6,FALSE) -> OSCAR ALFREDO MONTOYA - 10%
A35: INTERVENTORÍA TÉCNICA, ADMINISTRATIVA, FINANCIERA, LEGAL, AMBIENTAL Y SOCIAL PARA LA IMPLANTACIÓN Y CONSTRUCCIÓN DE LOS ANDENES Y CICLORRUTA DE LA AV. CALLEJAS (AC127) DESDE LA AV. ALBERTO LLERAS CAMARGO (AK 7) HASTA LA AV. SANTA BÁRBARA (AK 19) AMBOS COSTADOS EN BOGOTÁ D.C. | B35: IDU | D35: 1172578649 | E35: 2011 | F35: =D35/(VLOOKUP(E35,$D$654:$E$687,2,FALSE)) -> 2189.2805 | G35: 0.1 | H35: =F35*G35 -> 218.92805 | I35: 40618 | J35: CUMPLE | L35: =H35 -> 218.92805 | N35: CUMPLE | P35: =+L35 -> 218.92805
A36: TOTALES | F36: =+SUM(F30:F35) -> 6750.3267 | H36: =+SUM(H30:H35) -> 3453.7308 | I36: EXPERIENCIA DEL PROPONENTE | N36: CUMPLE | O36: =IF(P36>O30,"CUMPLE","NO CUMPLE") -> CUMPLE | P36: =SUM(P30:P35) -> 2189.2805 | R36: =+IF(AND(M29="CUMPLE",Q29="CUMPLE",C26="CUMPLE"),"HABILITADO","NO HABILITADO") -> HABILITADO
A38: =1+A22 -> 3 | E38: =VLOOKUP(A38,'REQUISITOS HAB. TECNICOS'!$A$5:$B$80,2,FALSE) -> HR INGENIERIA SAS
A39: NÚMERO DE CONTRATOS PRESENTADOS VALIDOS | B39: 1 | C39: PRESUPUESTO OFICIAL EN SMMLV | D39: =$D$628 -> 279.72028
A40: PROMEDIO DE SMMLV | C40: =H47/B39 -> 0
A41: TERMINO DE EJECUCION EXIGIDO | C41: 45610
A42: TOTAL SALARIOS MINIMOS ACREDITADOS | C42: =+IF(H47>D39,"CUMPLE","NO CUMPLE") -> NO CUMPLE
A43: CONDICIONES DE EXPERIENCIA | I43: CONDICION N°. 1 (VER TABLA AL FINAL DE LA HOJA) | J43: CONDICION N°. 2 (VER TABLA AL FINAL DE LA HOJA) | K43: CONDICION N°. 4 (VER TABLA AL FINAL DE LA HOJA) | M43: VALIDACIÓN CONDICIONES | N43: VALIDACIÓN EXPERIENCIA GENERAL | O43: EXPERIENCIA ESPECIFICA (1) SUMATORIA DOS CONTRATOS MINIMO 70% PRESUPUESTO OFICIAL | Q43: CONCLUSIÓN ACREDITACIÓN EXPERIENCIA GENERAL Y EXPERIENCIA ESPECIFICA | R43: OBSERVACIÓN Y RESPUESTA OBSERVACIONES
A44: Objeto del Contrato | B44: Entidad Contratante | D44: Valor Contrato | E44: Año de ejecución aportado | F44: Valor del Contrato en SMMLV | G44: Participación UT/CONSORCIO | H44: Participación en SMMLV | I44: Término de ejecución aportado | J44: CODIGO UNSPSC SEGMENTOS 80 Y 81 | K44: Valor exigido 50%SMMLV | L44: Valor aportado
A45: =VLOOKUP(A38,'LISTA DE OFERENTES'!$A$4:$G$80,5,FALSE) -> HR INGENIERIA SAS - 100% | K45: =$D$628*0.5 -> 139.86014 | M45: NO CUMPLE | Q45: =IF(AND(N47="CUMPLE",O47="CUMPLE"),"CUMPLE","NO CUMPLE") -> NO CUMPLE
A46: "INTERVENTORÍA TÉCNICA, ADMINISTRATIVA, FINANCIERA, SOCIAL, AMBIENTAL Y SISO PARA LA CONSTRUCCIÓN, REPARACION Y MANTENIMIENTO DE LAS OBRAS DE INTERVENCIÓN FÍSICA A ESCALA BARRIAL, UBICADAS EN BOGOTÁ D.C. GRUPO 1." | B46: CAJA DE VIVIENDA POPULAR -CVP | D46: 436564966 | E46: 2017 | F46: =D46/(VLOOKUP(E46,$D$654:$E$687,2,FALSE)) -> 591.77837 | G46: 1 | I46: 42787 | J46: CUMPLE | L46: =H46 -> 0 | N46: NO CUMPLE | O46: =$D$628*0.7 -> 195.8042 | R46: UNA VEZ REVISADA LA DOCUMENTACIÓN ALLEGADA PARA VALIDAR EL CONTRATO EN CUESTIÓN, SE EVIDENCIO QUE EN EL MISMO SE REALIZARON INTERVENCIONES DE MALLA VIAL PARA TRANSITO VEHICULAR, POR LO TANTO TENIENDO EN CUENTA LA NOTA 1. DEL PLIEGO DE CONDICIONES QUE ESTABLECE "Para la experiencia en espacio púbico se excluyen las vias destinadas al tráfico vehicular.". ES ASÍ, QUE DICHO CONTRATO NO ES VALIDO PARA ACREDITAR LA EXPERIENCIA SOLICITADA.
A47: TOTALES | F47: =+SUM(F46:F46) -> 591.77837 | H47: =+SUM(H46:H46) -> 0 | I47: EXPERIENCIA DEL PROPONENTE | N47: NO CUMPLE | O47: =IF(P47>O46,"CUMPLE","NO CUMPLE") -> NO CUMPLE | P47: =SUM(P46:P46) -> 0 | R47: =+IF(AND(M45="CUMPLE",Q45="CUMPLE",C42="CUMPLE"),"HABILITADO","NO HABILITADO") -> NO HABILITADO
A49: =1+A38 -> 4 | E49: =VLOOKUP(A49,'REQUISITOS HAB. TECNICOS'!$A$5:$B$80,2,FALSE) -> INGECO INGENIERIA DE CONSTRUCCIONES S.A.S
A50: NÚMERO DE CONTRATOS PRESENTADOS VALIDOS | B50: 1 | C50: PRESUPUESTO OFICIAL EN SMMLV | D50: =$D$628 -> 279.72028
A51: PROMEDIO DE SMMLV | C51: =H58/B50 -> 700.87483
A52: TERMINO DE EJECUCION EXIGIDO | C52: 45610
A53: TOTAL SALARIOS MINIMOS ACREDITADOS | C53: =+IF(H58>D50,"CUMPLE","NO CUMPLE") -> CUMPLE
A54: CONDICIONES DE EXPERIENCIA | I54: CONDICION N°. 1 (VER TABLA AL FINAL DE LA HOJA) | J54: CONDICION N°. 2 (VER TABLA AL FINAL DE LA HOJA) | K54: CONDICION N°. 4 (VER TABLA AL FINAL DE LA HOJA) | M54: VALIDACIÓN CONDICIONES | N54: VALIDACIÓN EXPERIENCIA GENERAL | O54: EXPERIENCIA ESPECIFICA (1) SUMATORIA DOS CONTRATOS MINIMO 70% PRESUPUESTO OFICIAL | Q54: CONCLUSIÓN ACREDITACIÓN EXPERIENCIA GENERAL Y EXPERIENCIA ESPECIFICA | R54: OBSERVACIÓN Y RESPUESTA OBSERVACIONES
A55: Objeto del Contrato | B55: Entidad Contratante | D55: Valor Contrato | E55: Año de ejecución aportado | F55: Valor del Contrato en SMMLV | G55: Participación UT/CONSORCIO | H55: Participación en SMMLV | I55: Término de ejecución aportado | J55: CODIGO UNSPSC SEGMENTOS 80 Y 81 | K55: Valor exigido 50%SMMLV | L55: Valor aportado
A56: =VLOOKUP(A49,'LISTA DE OFERENTES'!$A$4:$G$80,5,FALSE) -> INGECO INGENIERIA DE CONSTRUCCIONES S.A.S - 100% | K56: =$D$628*0.5 -> 139.86014 | M56: CUMPLE | Q56: =IF(AND(N58="CUMPLE",O58="CUMPLE"),"CUMPLE","NO CUMPLE") -> CUMPLE
A57: “INTERVENTORÍA TÉCNICA, ADMINISTRATIVA, FINANCIERA, SOCIAL, AMBIENTAL, SISO Y JURÍDICA A LA CONSTRUCCIÓN DEL PARQUE DE LAS COMETAS UBICADO EN LA LOCALIDAD DE SUBA EN LA CIUDAD DE BOGOTÁ D.C." | B57: IDRD | D57: 1230460061 | E57: 2020 | F57: =D57/(VLOOKUP(E57,$D$654:$E$687,2,FALSE)) -> 1401.7497 | G57: 0.5 | H57: =F57*G57 -> 700.87483 | I57: 44159 | J57: CUMPLE | L57: =H57 -> 700.87483 | N57: CUMPLE | O57: =$D$628*0.7 -> 195.8042 | P57: =+L57 -> 700.87483
A58: TOTALES | F58: =+SUM(F57:F57) -> 1401.7497 | H58: =+SUM(H57:H57) -> 700.87483 | I58: EXPERIENCIA DEL PROPONENTE | N58: CUMPLE | O58: =IF(P58>O57,"CUMPLE","NO CUMPLE") -> CUMPLE | P58: =SUM(P57:P57) -> 700.87483 | R58: =+IF(AND(M56="CUMPLE",Q56="CUMPLE",C53="CUMPLE"),"HABILITADO","NO HABILITADO") -> HABILITADO
A60: =1+A49 -> 5 | E60: =VLOOKUP(A60,'REQUISITOS HAB. TECNICOS'!$A$5:$B$80,2,FALSE) -> A&G PLUS SAS BIC
A61: NÚMERO DE CONTRATOS PRESENTADOS VALIDOS | B61: 1 | C61: PRESUPUESTO OFICIAL EN SMMLV | D61: =$D$628 -> 279.72028
A62: PROMEDIO DE SMMLV | C62: =H70/B61 -> 246.49465
A63: TERMINO DE EJECUCION EXIGIDO | C63: 45610
A64: TOTAL SALARIOS MINIMOS ACREDITADOS | C64: =+IF(H70>D61,"CUMPLE","NO CUMPLE") -> NO CUMPLE
A65: CONDICIONES DE EXPERIENCIA | I65: CONDICION N°. 1 (VER TABLA AL FINAL DE LA HOJA) | J65: CONDICION N°. 2 (VER TABLA AL FINAL DE LA HOJA) | K65: CONDICION N°. 4 (VER TABLA AL FINAL DE LA HOJA) | M65: VALIDACIÓN CONDICIONES | N65: VALIDACIÓN EXPERIENCIA GENERAL | O65: EXPERIENCIA ESPECIFICA (1) SUMATORIA DOS CONTRATOS MINIMO 70% PRESUPUESTO OFICIAL | Q65: CONCLUSIÓN ACREDITACIÓN EXPERIENCIA GENERAL Y EXPERIENCIA ESPECIFICA | R65: OBSERVACIÓN Y RESPUESTA OBSERVACIONES
A66: Objeto del Contrato | B66: Entidad Contratante | D66: Valor Contrato | E66: Año de ejecución aportado | F66: Valor del Contrato en SMMLV | G66: Participación UT/CONSORCIO | H66: Participación en SMMLV | I66: Término de ejecución aportado | J66: CODIGO UNSPSC SEGMENTOS 80 Y 81 | K66: Valor exigido 50%SMMLV | L66: Valor aportado
A67: =VLOOKUP(A60,'LISTA DE OFERENTES'!$A$4:$G$80,5,FALSE) -> A&G PLUS SAS BIC - 100% | K67: =$D$628*0.5 -> 139.86014 | M67: NO CUMPLE | Q67: =IF(AND(N70="CUMPLE",O70="CUMPLE"),"CUMPLE","NO CUMPLE") -> CUMPLE
A68: INTERVENTORÍA INTEGRAL (ADMINISTRATIVA, FINANCIERA, CONTABLE, AMBIENTAL, SOCIAL, JURÍDICA Y TÉCNICA) A LA EJECUCIÓN DE ESTUDIOS, DISEÑOS, CONSTRUCCIÓN Y PUESTA EN FUNCIONAMIENTO DE UN SACUDETE RECREO DEPORTIVO UBICADO EN LA URBANIZACIÓN VILLA AIDETH EN EL MUNICIPIO DE ASTREA, URBANIZACIÓN SARA LUCÍA EN EL MUNICIPIO DE CURUMANÍ Y LA URBANIZACIÓN ALTOS DEL PROGRESO EN EL MUNICIPIO DE SAN ALBERTO DEPARTAMENTO DEL CESAR | B68: PATRIMONIO AUTÓNOMO FIDEICOMISO ASISTENCIA TÉCNICA - FINDETER - EQUIPAMIENTOS PÚBLICOS ADMINISTRADO POR FIDUCIARIA BOGOTÁ S.A. | D68: 571867590 | E68: 2023 | F68: =D68/(VLOOKUP(E68,$D$654:$E$687,2,FALSE)) -> 492.9893 | G68: 0.5 | H68: =F68*G68 -> 246.49465 | I68: 45216 | J68: CUMPLE | L68: =H68 -> 246.49465 | N68: CUMPLE | O68: =$D$628*0.7 -> 195.8042 | P68: =+L68 -> 246.49465 | R68: EL NUMERO DEL RUP NO CORRESPONDE AL REFERENCIADO EN EL FORMATO 3, DADO QUE EL CONTRATO CORRESPONDE AL CONSECUTIVO No. 220 EN EL RUP DEL OFERENTE
A69: INTERVENTORÍA TÉCNICA, ADMINISTRATIVA, FINANCIERA Y AMBIENTAL PARA LA CONSTRUCCIÓN PRIMERA ETAPA ALAMEDA CARRERA 4 | B69: MUNICIPIO DE TOCANCIPÁ | D69: 2322224676 | E69: 2022 | F69: =D69/(VLOOKUP(E69,$D$654:$E$687,2,FALSE)) -> 2322.2247 | G69: 0.75 | I69: 44923 | J69: CUMPLE | L69: =H69 -> 0 | N69: NO CUMPLE | R69: UNA VEZ REVISADA LA DOCUMENTACIÓN ALLEGADA PARA VALIDAR EL CONTRATO EN CUESTIÓN, SE EVIDENCIO QUE EL MISMO CORRESPONDE A LA INTERVENCIÓN DE UNA ALAMEDA, SIN EMBARGO EN LA VERIFICACIÓN DEL MISMO SE CONSTATO QUE LA MISMA CORRESPONDE A INTERVENCIÓN DE MALLA VIAL (CARRERA 4) PARA TRANSITO VEHICULAR, POR LO TANTO TENIENDO EN CUENTA LA NOTA 1. DEL PLIEGO DE CONDICIONES QUE ESTABLECE "Para la experiencia en espacio púbico se excluyen las vias destinadas al tráfico vehicular.". ES ASÍ, QUE DICHO CONTRATO NO ES VALIDO PARA ACREDITAR LA EXPERIENCIA SOLICITADA.
A70: TOTALES | F70: =+SUM(F68:F69) -> 2815.214 | H70: =+SUM(H68:H69) -> 246.49465 | I70: EXPERIENCIA DEL PROPONENTE | N70: CUMPLE | O70: =IF(P70>O68,"CUMPLE","NO CUMPLE") -> CUMPLE | P70: =SUM(P68:P69) -> 246.49465 | R70: =+IF(AND(M68="CUMPLE",Q68="CUMPLE",C65="CUMPLE"),"HABILITADO","NO HABILITADO") -> NO HABILITADO
A72: =1+A60 -> 6 | E72: =VLOOKUP(A72,'REQUISITOS HAB. TECNICOS'!$A$5:$B$80,2,FALSE) -> CONSORCIO PARQUES ENGATIVÁ 2025
A73: NÚMERO DE CONTRATOS PRESENTADOS VALIDOS | B73: 3 | C73: PRESUPUESTO OFICIAL EN SMMLV | D73: =$D$628 -> 279.72028
A74: PROMEDIO DE SMMLV | C74: =H84/B73 -> 365.37945
A75: TERMINO DE EJECUCION EXIGIDO | C75: 45610
A76: TOTAL SALARIOS MINIMOS ACREDITADOS | C76: =+IF(H84>D73,"CUMPLE","NO CUMPLE") -> CUMPLE
A77: CONDICIONES DE EXPERIENCIA | I77: CONDICION N°. 1 (VER TABLA AL FINAL DE LA HOJA) | J77: CONDICION N°. 2 (VER TABLA AL FINAL DE LA HOJA) | K77: CONDICION N°. 4 (VER TABLA AL FINAL DE LA HOJA) | M77: VALIDACIÓN CONDICIONES | N77: VALIDACIÓN EXPERIENCIA GENERAL | O77: EXPERIENCIA ESPECIFICA (1) SUMATORIA DOS CONTRATOS MINIMO 70% PRESUPUESTO OFICIAL | Q77: CONCLUSIÓN ACREDITACIÓN EXPERIENCIA GENERAL Y EXPERIENCIA ESPECIFICA | R77: OBSERVACIÓN Y RESPUESTA OBSERVACIONES
A78: Objeto del Contrato | B78: Entidad Contratante | D78: Valor Contrato | E78: Año de ejecución aportado | F78: Valor del Contrato en SMMLV | G78: Participación UT/CONSORCIO | H78: Participación en SMMLV | I78: Término de ejecución aportado | J78: CODIGO UNSPSC SEGMENTOS 80 Y 81 | K78: Valor exigido 50%SMMLV | L78: Valor aportado
A79: =VLOOKUP(A72,'LISTA DE OFERENTES'!$A$4:$G$80,5,FALSE) -> SANDRA MONICA CARDOZO - 50% | K79: =$D$628*0.5 -> 139.86014 | M79: CUMPLE | Q79: =IF(AND(N84="CUMPLE",O84="CUMPLE"),"CUMPLE","NO CUMPLE") -> CUMPLE
A80: REALIZAR LA INTERVENTORÍA TÉCNICA, ADMINISTRATIVA, FINANCIERA, JURIDICA, SOCIAL, AMBIENTAL Y SISO A LOS CONTRATOS DE OBRA PUBLICA QUE TENDRÁ POR OBJETO: EJECUTAR A PRECIOS UNITARIOS Y A MONTO AGOTABLE, LAS OBRAS Y ACTIVIDADES NECESARIAS PARA LA CONSERVACIÓN DE LA MALLA VIAL LOCAL E INTERMEDIA Y ESPACIO PUBLICO DE LA LOCALIDAD DE TEUSAQUILLO, EN LA CIUDAD DE BOGOTÁ D.C. DE CONFORMIDAD CON LOS ESTUDIOS PREVIOS Y ANEXO TÉCNICO Y APENDICES. Y EJECUTAR A MONTO AGOTABLE Y A PRECIOS UNITARIOS SIN FORMULA DE REAJUSTE LAS OBRAS DE MEJORAMIENTO Y/O CONSTRUCCION Y/O MANTENIMIENTO Y DIAGNOSTICOS DE LOS PARQUES DE LA LOCALIDAD DE TEUSAQUILLO EN LA CIUDAD DE BOGOTÁ D.C." DE CONFORMIDAD CON LOS ESTUDIOS PREVIOS Y ANEXO TÉCNICO Y APENDICES | B80: FONDO DE DESARROLLO LOCAL DE TEUSAQUILLO | D80: 95598401 | E80: 2020 | F80: =D80/(VLOOKUP(E80,$D$654:$E$687,2,FALSE)) -> 108.90644 | G80: 0.51 | H80: =F80*G80 -> 55.542285 | I80: 44164 | J80: CUMPLE | L80: =H80 -> 55.542285 | N80: CUMPLE | O80: =$D$628*0.7 -> 195.8042 | P80: =+L80 -> 55.542285
A81: =VLOOKUP(A72,'LISTA DE OFERENTES'!$A$4:$G$80,6,FALSE) -> AHLA SHUGL INTERNATIONAL SAS - 50%
A82: REALIZAR LA INTERVENTORÍA TÉCNICA, ADMINISTRATIVA,FINANCIERA, JURÍDICA, SOCIAL Y AMBIENTAL AL CONTRATO QUE SE GENERE DE LA LICITACIÓN PÚBLICA FDLCB-LP-030-2016 CUYO OBJETO ES: REALIZAR EL MEJORAMIENTO INTEGRAL DEL ESPACIO PÚBLICO LOCAL EN LA LOCALIDAD DE CIUDAD BOLÍVAR | B82: FONDO DE DESARROLLO LOCAL DE CIUDAD BOLIVAR | D82: 750000000 | E82: 2018 | F82: =D82/(VLOOKUP(E82,$D$654:$E$687,2,FALSE)) -> 960.00983 | G82: 1 | H82: =F82*G82 -> 960.00983 | I82: 43210 | J82: CUMPLE | L82: =H82 -> 960.00983 | N82: CUMPLE | P82: =+L82 -> 960.00983
A83: “INTERVENTORÍA TÉCNICA, ADMINISTRATIVA, LEGAL, FINANCIERA, SOCIAL, AMBIENTAL Y DE SEGURIDAD Y SALUD EN EL TRABAJO PARA LA EJECUCION DEL CONTRATO DE OBRA PUBLICA CUYO OBJETO ES “CONTRATAR POR EL SISTEMA DE PRECIOS UNITARIOS FIJOS SIN FORMULA DE REAJUSTE Y A MONTO AGOTABLE, LAS OBRAS NECESARIAS PARA LA ADECUACIÓN, MANTENIMIENTO Y EL MOBILIARIO DE DIFERENTES PARQUES VECINALES Y DE BOLSILLO DE LA LOCALIDAD DE TEUSAQUILLO,” DE CONFORMIDAD CON LOS ESTUDIOS PREVIOS Y ANEXO TÉCNICO Y PARQUES.”. | B83: FONDO DE DESARROLLO LOCAL DE TEUSAQUILLO | D83: 138703609 | E83: 2020 | F83: =D83/(VLOOKUP(E83,$D$654:$E$687,2,FALSE)) -> 158.01223 | G83: 0.51 | H83: =F83*G83 -> 80.586237 | I83: 44164 | J83: CUMPLE | L83: =H83 -> 80.586237 | N83: CUMPLE
A84: TOTALES | F84: =+SUM(F80:F83) -> 1226.9285 | H84: =+SUM(H80:H83) -> 1096.1384 | I84: EXPERIENCIA DEL PROPONENTE | N84: CUMPLE | O84: =IF(P84>O80,"CUMPLE","NO CUMPLE") -> CUMPLE | P84: =SUM(P80:P83) -> 1015.5521 | R84: =+IF(AND(M79="CUMPLE",Q79="CUMPLE",C76="CUMPLE"),"HABILITADO","NO HABILITADO") -> HABILITADO
A86: =1+A72 -> 7 | E86: =VLOOKUP(A86,'REQUISITOS HAB. TECNICOS'!$A$5:$B$80,2,FALSE) -> CONSULTORA COLOMBIANA TRIPLE C S.A.S BIC
A87: NÚMERO DE CONTRATOS PRESENTADOS VALIDOS | B87: 3 | C87: PRESUPUESTO OFICIAL EN SMMLV | D87: =$D$628 -> 279.72028
A88: PROMEDIO DE SMMLV | C88: =H97/B87 -> 491.22192
A89: TERMINO DE EJECUCION EXIGIDO | C89: 45610
A90: TOTAL SALARIOS MINIMOS ACREDITADOS | C90: =+IF(H97>D87,"CUMPLE","NO CUMPLE") -> CUMPLE
A91: CONDICIONES DE EXPERIENCIA | I91: CONDICION N°. 1 (VER TABLA AL FINAL DE LA HOJA) | J91: CONDICION N°. 2 (VER TABLA AL FINAL DE LA HOJA) | K91: CONDICION N°. 4 (VER TABLA AL FINAL DE LA HOJA) | M91: VALIDACIÓN CONDICIONES | N91: VALIDACIÓN EXPERIENCIA GENERAL | O91: EXPERIENCIA ESPECIFICA (1) SUMATORIA DOS CONTRATOS MINIMO 70% PRESUPUESTO OFICIAL | Q91: CONCLUSIÓN ACREDITACIÓN EXPERIENCIA GENERAL Y EXPERIENCIA ESPECIFICA | R91: OBSERVACIÓN Y RESPUESTA OBSERVACIONES
A92: Objeto del Contrato | B92: Entidad Contratante | D92: Valor Contrato | E92: Año de ejecución aportado | F92: Valor del Contrato en SMMLV | G92: Participación UT/CONSORCIO | H92: Participación en SMMLV | I92: Término de ejecución aportado | J92: CODIGO UNSPSC SEGMENTOS 80 Y 81 | K92: Valor exigido 50%SMMLV | L92: Valor aportado
A93: =VLOOKUP(A86,'LISTA DE OFERENTES'!$A$4:$G$80,5,FALSE) -> CONSULTORA COLOMBIANA TRIPLE C S.A.S BIC - 100% | K93: =$D$628*0.5 -> 139.86014 | M93: CUMPLE | Q93: =IF(AND(N97="CUMPLE",O97="CUMPLE"),"CUMPLE","NO CUMPLE") -> CUMPLE
A94: REALIZAR LA INTERVENTORÍA TÉCNICA, ADMINISTRATIVA, FINANCIERA Y JURÍDICA DE LA CONSTRUCCIÓN DE LAS OBRAS DE LOS PARQUES CARACOLÍ - CÓDIGO 19-710 Y ILLIMANI - CÓDIGO 19-346 CON, CARGO AL PROYECTO 1082, “CONSTRUCCIÓN Y ADECUACIÓN DE PARQUES Y EQUIPAMIENTO PARA TODOS" | B94: INSTITUTO DISTRITAL PARA LA RECREACIÓN Y EL DEPORTE | D94: 654400473 | E94: 2019 | F94: =D94/(VLOOKUP(E94,$D$654:$E$687,2,FALSE)) -> 790.22803 | G94: 0.7 | H94: =F94*G94 -> 553.15962 | I94: 43683 | J94: CUMPLE | L94: =H94 -> 553.15962 | N94: CUMPLE | O94: =$D$628*0.7 -> 195.8042 | P94: =+L94 -> 553.15962
A95: Realizar por el sistema de precio global fijo la interventoría técnica, administrativa y financiera a la construcción de las obras de los parques vecinales en diferentes localidades de Bogotá D.C | B95: INSTITUTO DISTRITAL PARA LA RECREACIÓN Y EL DEPORTE. | D95: 160131657 | E95: 2010 | F95: =D95/(VLOOKUP(E95,$D$654:$E$687,2,FALSE)) -> 310.93526 | G95: 1 | H95: =F95*G95 -> 310.93526 | I95: 40384 | J95: CUMPLE | L95: =H95 -> 310.93526 | N95: CUMPLE
A96: INTERVENTORIA INTEGRAL AL PROYECTODECONSTRUCCIÓNDEL TRAMOII DELPROYECTOPARQUE LINEAL QUEBRADA LA IGLESIA LOCALIZADOENELMUNICIPIODE BUCARAMANGA | B96: AREA METROPOLITANA DE BUCARAMANGA | D96: 600388136 | E96: 2016 | F96: =D96/(VLOOKUP(E96,$D$654:$E$687,2,FALSE)) -> 870.81555 | G96: 0.7 | H96: =F96*G96 -> 609.57089 | I96: 42504 | J96: CUMPLE | L96: =H96 -> 609.57089 | N96: CUMPLE | P96: =+L96 -> 609.57089
A97: TOTALES | F97: =+SUM(F94:F96) -> 1971.9788 | H97: =+SUM(H94:H96) -> 1473.6658 | I97: EXPERIENCIA DEL PROPONENTE | N97: CUMPLE | O97: =IF(P97>O94,"CUMPLE","NO CUMPLE") -> CUMPLE | P97: =SUM(P94:P96) -> 1162.7305 | R97: =+IF(AND(M93="CUMPLE",Q93="CUMPLE",C90="CUMPLE"),"HABILITADO","NO HABILITADO") -> HABILITADO
A99: =1+A86 -> 8 | E99: =VLOOKUP(A99,'REQUISITOS HAB. TECNICOS'!$A$5:$B$80,2,FALSE) -> CONSULTORES, DESARROLLO Y AMBIENTE SAS BIC
A100: NÚMERO DE CONTRATOS PRESENTADOS VALIDOS | B100: 1 | C100: PRESUPUESTO OFICIAL EN SMMLV | D100: =$D$628 -> 279.72028
A101: PROMEDIO DE SMMLV | C101: =H108/B100 -> 280.71094
A102: TERMINO DE EJECUCION EXIGIDO | C102: 45610
A103: TOTAL SALARIOS MINIMOS ACREDITADOS | C103: =+IF(H108>D100,"CUMPLE","NO CUMPLE") -> CUMPLE
A104: CONDICIONES DE EXPERIENCIA | I104: CONDICION N°. 1 (VER TABLA AL FINAL DE LA HOJA) | J104: CONDICION N°. 2 (VER TABLA AL FINAL DE LA HOJA) | K104: CONDICION N°. 4 (VER TABLA AL FINAL DE LA HOJA) | M104: VALIDACIÓN CONDICIONES | N104: VALIDACIÓN EXPERIENCIA GENERAL | O104: EXPERIENCIA ESPECIFICA (1) SUMATORIA DOS CONTRATOS MINIMO 70% PRESUPUESTO OFICIAL | Q104: CONCLUSIÓN ACREDITACIÓN EXPERIENCIA GENERAL Y EXPERIENCIA ESPECIFICA | R104: OBSERVACIÓN Y RESPUESTA OBSERVACIONES
A105: Objeto del Contrato | B105: Entidad Contratante | D105: Valor Contrato | E105: Año de ejecución aportado | F105: Valor del Contrato en SMMLV | G105: Participación UT/CONSORCIO | H105: Participación en SMMLV | I105: Término de ejecución aportado | J105: CODIGO UNSPSC SEGMENTOS 80 Y 81 | K105: Valor exigido 50%SMMLV | L105: Valor aportado
A106: =VLOOKUP(A99,'LISTA DE OFERENTES'!$A$4:$G$80,5,FALSE) -> CONSULTORES, DESARROLLO Y AMBIENTE SAS BIC - 100% | K106: =$D$628*0.5 -> 139.86014 | M106: CUMPLE | Q106: =IF(AND(N108="CUMPLE",O108="CUMPLE"),"CUMPLE","NO CUMPLE") -> CUMPLE
A107: CONTRATAR LA INTERVENTORÍA PARA LA EJECUCIÓN DE OBRAS DE MITIGACIÓN DE RIESGOS A REALIZAR EN LAS ÁREAS DE INTERÉS AMBIENTAL PARQUE MIRADOR DE LOS NEVADOS Y PARQUE SORATAMA – PCC | B107: SECRETARIA DISTRITAL DE AMBIENTE | D107: 637582960 | E107: 2021 | F107: =D107/(VLOOKUP(E107,$D$654:$E$687,2,FALSE)) -> 701.77734 | G107: 0.4 | H107: =F107*G107 -> 280.71094 | I107: 44239 | J107: CUMPLE | L107: =H107 -> 280.71094 | N107: CUMPLE | O107: =$D$628*0.7 -> 195.8042 | P107: =+L107 -> 280.71094
A108: TOTALES | F108: =+SUM(F107:F107) -> 701.77734 | H108: =+SUM(H107:H107) -> 280.71094 | I108: EXPERIENCIA DEL PROPONENTE | N108: CUMPLE | O108: =IF(P108>O107,"CUMPLE","NO CUMPLE") -> CUMPLE | P108: =SUM(P107:P107) -> 280.71094 | R108: =+IF(AND(M106="CUMPLE",Q106="CUMPLE",C103="CUMPLE"),"HABILITADO","NO HABILITADO") -> HABILITADO
...

Sheet CONDICIONES GENERALES
M3: cada contrato debe cumplir con alguno de estos códigos 81101500, 80101600
A6: OBJETO: REALIZAR LA INTERVENTORÍA TÉCNICA, JURÍDICA, ADMINISTRATIVA, FINANCIERA, AMBIENTAL, SOCIAL, SST Y PMTS AL CONTRATO QUE TIENE POR OBJETO: “REALIZAR A MONTO AGOTABLE Y A PRECIOS UNITARIOS LA INTERVENCIÓN DE LOS PARQUES VECINALES Y/O DE BOLSILLO Y ESPACIO PÚBLICO (ANDENES PERIMETRALES) EN LA LOCALIDAD DE ENGATIVÁ
A8: Los contratos para acreditar la experiencia deben cumplir las siguientes características:
A9: EXPERIENCIA GENERAL
A10: INTERVENTORÍA A PROYECTOS DE: CONSTRUCCIÓN Y/O RECONSTRUCCIÓN Y/O AMPLIACIÓN Y/O TERMINACIÓN Y/O REHABILITACIÓN Y/O MEJORAMIENTO Y/O MANTENIMIENTO Y/O ADECUACIÓN DE PARQUES INTERVENTORÍA A PROYECTOS DE: CONSTRUCCIÓN Y/O RECONSTRUCCIÓN Y/O AMPLIACIÓN Y/O TERMINACIÓN Y/O REHABILITACIÓN Y/O MEJORAMIENTO Y/O MANTENIMIENTO Y/O ADECUACIÓN DE ESPACIO PÚBLICO
A11: Nota 1: Para el caso de experiencia de ESPACIO PÚBLICO se excluyen de estos las vías destinadas al tránsito vehicular y su espacio público inmediato, así como la conservación y/o preservación de playas marítimas.
A12: Nota 2: En el caso en el cual el proceso de selección contemple actividades de dotación de mobiliario, la experiencia válida aportada deberá acreditar en por lo menos uno (1) de los contratos actividades de suministro e instalación de mobiliario.
A13: EXPERIENCIA ESPECIFICA
A14: EXPERIENCIA ESPECIFICA 1: Con la sumatoria de hasta máximo dos (02) de los contratos válidos aportados como experiencia general debe corresponder mínimo al (70%) del presupuesto oficial del presente proceso de selección.
A16: NÚMERO DE CONTRATOS: C. El Proponente podrá aportar mínimo uno (1) y máximo cinco (5) contratos para la evaluación y asignación de puntaje por concepto de experiencia.
A18: CONDICIÓN 1: E. Los contratos deben haber terminado antes de la fecha de cierre del presente Proceso de Contratación.
A19: CONDICIÓN 2: En el clasificador de bienes y servicios, el segmento correspondiente para la clasificación de la experiencia es el segmento 80 y/o 81 : 81101500 - 80101600
A20: CONDICIÓN 3: C. Si el Proponente relaciona o anexa más de cinco (5) contratos en el “Formato 3 – Experiencia”, para efectos de evaluar la experiencia únicamente se tendrán en cuenta los cinco (5) contratos aportados de mayor valor.
... A22: CONDICIÓN 5: H. Cuando el contrato que se aporte para la experiencia haya sido ejecutado por un Consorcio o por una Unión Temporal, y dos (2) o más de sus integrantes conformen un Proponente Plural para participar en el presente proceso, dicho contrato se entenderá aportado como un (1) solo contrato y se tendrá en cuenta para el aporte de la experiencia la sumatoria de los porcentajes de los integrantes del Consorcio o de la Unión Temporal que ejecutaron el contrato y que están participando en el Proceso de Contratación, siempre y cuando en el “Formato 3 – Experiencia” se indique qué integrantes y porcentajes de participación se ofrecen como experiencia

Sheet REQUISITOS HAB. TECNICOS
A1: FONDO DE DESARROLLO LOCAL DE ENGATIVA
A2: FDLE-CMA-795-2024
A3: REQUISITOS HABILITANTES TÉCNICOS
A4: No. | B4: OFERENTE | C4: FORMATO 8 - ACEPTACIÓN Y CUMPLIMIENTO PERSONAL CLAVE | D4: EXIGENCIA MINIMA DE LA EXPERIENCIA | E4: OFERTA ECONOMICA | F4: CONSOLIDADO | G4: OBSERVACIONES
A5: 1 | B5: ='LISTA DE OFERENTES'!B4 -> CONSORCIO PARQUES IA | C5: NO CUMPLE | D5: NO CUMPLE | E5: NO CUMPLE | F5: =IF(AND(C5="CUMPLE",D5="CUMPLE",E5="CUMPLE"),"CUMPLE","NO CUMPLE") -> NO CUMPLE | G5: EL OFERENTE NO CUMPLE YA QUE EL CONSORCIADO A&L INGENIEROS CONSULTORES S.A.S. SU DOMICILIO ES DEL MUNICIPIO DE LA CALERA-RUP (NO CUMPLE CON LO ESTABLECIDO EN EL ARTICULO ARTÍCULO 2.2.1.2.4.2.3 Y ARTÍCULO 2.2.1.2.4.2.4., del Dcreto 1860 de 2021, Así mismo dando aplicabilidad a la resolución de apertura No. 297 del 5 de noviembre de 2024, la cual indica que se limitara a mipymes terriotiales Bogotá.)
A6: =A5+1 -> 2 | B6: ='LISTA DE OFERENTES'!B5 -> CONSORCIO METRO CINCO | C6: CUMPLE | D6: CUMPLE | E6: CUMPLE | F6: =IF(AND(C6="CUMPLE",D6="CUMPLE",E6="CUMPLE"),"CUMPLE","NO CUMPLE") -> CUMPLE
A7: =A6+1 -> 3 | B7: ='LISTA DE OFERENTES'!B6 -> HR INGENIERIA SAS | C7: CUMPLE | D7: NO CUMPLE | E7: CUMPLE | F7: =IF(AND(C7="CUMPLE",D7="CUMPLE",E7="CUMPLE"),"CUMPLE","NO CUMPLE") -> NO CUMPLE | G7: EL OFERENTE NO CUMPLE CON LA EXIGENCIA MINIMA DE LA EXPERIENCIA DE ACUERDO CON LO SOLICITADO EN EL PLIEGO DE CONDICIONES.
A8: =A7+1 -> 4 | B8: ='LISTA DE OFERENTES'!B7 -> INGECO INGENIERIA DE CONSTRUCCIONES S.A.S | C8: CUMPLE | D8: CUMPLE | E8: CUMPLE | F8: =IF(AND(C8="CUMPLE",D8="CUMPLE",E8="CUMPLE"),"CUMPLE","NO CUMPLE") -> CUMPLE
A9: =A8+1 -> 5 | B9: ='LISTA DE OFERENTES'!B8 -> A&G PLUS SAS BIC | C9: CUMPLE | D9: NO CUMPLE | E9: CUMPLE | F9: =IF(AND(C9="CUMPLE",D9="CUMPLE",E9="CUMPLE"),"CUMPLE","NO CUMPLE") -> NO CUMPLE | G9: EL OFERENTE NO CUMPLE CON LA EXIGENCIA MINIMA DE LA EXPERIENCIA DE ACUERDO CON LO SOLICITADO EN EL PLIEGO DE CONDICIONES.
A10: =A9+1 -> 6 | B10: ='LISTA DE OFERENTES'!B9 -> CONSORCIO PARQUES ENGATIVÁ 2025 | C10: CUMPLE | D10: CUMPLE | E10: CUMPLE | F10: =IF(AND(C10="CUMPLE",D10="CUMPLE",E10="CUMPLE"),"CUMPLE","NO CUMPLE") -> CUMPLE
A11: =A10+1 -> 7 | B11: ='LISTA DE OFERENTES'!B10 -> CONSULTORA COLOMBIANA TRIPLE C S.A.S BIC | C11: CUMPLE | D11: CUMPLE | E11: CUMPLE | F11: =IF(AND(C11="CUMPLE",D11="CUMPLE",E11="CUMPLE"),"CUMPLE","NO CUMPLE") -> CUMPLE
A12: =A11+1 -> 8 | B12: ='LISTA DE OFERENTES'!B11 -> CONSULTORES, DESARROLLO Y AMBIENTE SAS BIC | C12: CUMPLE | D12: CUMPLE | E12: CUMPLE | F12: =IF(AND(C12="CUMPLE",D12="CUMPLE",E12="CUMPLE"),"CUMPLE","NO CUMPLE") -> CUMPLE
A13: =A12+1 -> 9 | B13: ='LISTA DE OFERENTES'!B12 -> CONSORCIO BOGOTÁ | C13: CUMPLE | D13: CUMPLE | E13: CUMPLE | F13: =IF(AND(C13="CUMPLE",D13="CUMPLE",E13="CUMPLE"),"CUMPLE","NO CUMPLE") -> CUMPLE
A14: =A13+1 -> 10 | B14: ='LISTA DE OFERENTES'!B13 -> LOS ROSALES CONSTRUCTORA INMOBILIARIA SAS | C14: CUMPLE | D14: NO CUMPLE | E14: NO CUMPLE | F14: =IF(AND(C14="CUMPLE",D14="CUMPLE",E14="CUMPLE"),"CUMPLE","NO CUMPLE") -> NO CUMPLE | G14: EL OFERENTE NO CUMPLE CON LA EXIGENCIA MINIMA DE LA EXPERIENCIA DE ACUERDO CON LO SOLICITADO EN EL PLIEGO DE CONDICIONES. NO CUMPLE, EL FORMULARIO 1 - PROPUESTA ECONOMICA NO SE ENCUENTRA DILIGENCIADO EN SU TOTALIDAD PARA CADA UNO DE LOS SUBTOTALES.
A15: =A14+1 -> 11 | B15: ='LISTA DE OFERENTES'!B14 -> CONSORCIO PARQUES JAPG 2024 | C15: CUMPLE | D15: CUMPLE | E15: CUMPLE | F15: =IF(AND(C15="CUMPLE",D15="CUMPLE",E15="CUMPLE"),"CUMPLE","NO CUMPLE") -> CUMPLE
A16: =A15+1 -> 12 | B16: ='LISTA DE OFERENTES'!B15 -> ESTUDIOS TÉCNICOS Y CONSTRUCCIONES SAS | C16: CUMPLE | D16: NO CUMPLE | E16: CUMPLE | F16: =IF(AND(C16="CUMPLE",D16="CUMPLE",E16="CUMPLE"),"CUMPLE","NO CUMPLE") -> NO CUMPLE | G16: EL OFERENTE NO CUMPLE CON LA EXIGENCIA MINIMA DE LA EXPERIENCIA DE ACUERDO CON LO SOLICITADO EN EL PLIEGO DE CONDICIONES.
A17: =A16+1 -> 13 | B17: ='LISTA DE OFERENTES'!B16 -> CONSORCIO SIGMA | C17: CUMPLE | D17: CUMPLE | E17: CUMPLE | F17: =IF(AND(C17="CUMPLE",D17="CUMPLE",E17="CUMPLE"),"CUMPLE","NO CUMPLE") -> CUMPLE
A18: =A17+1 -> 14 | B18: ='LISTA DE OFERENTES'!B17 -> PROJEKTA LTDA. INGENIEROS CONSULTORES | C18: CUMPLE | D18: CUMPLE | E18: CUMPLE | F18: =IF(AND(C18="CUMPLE",D18="CUMPLE",E18="CUMPLE"),"CUMPLE","NO CUMPLE") -> CUMPLE
A19: =A18+1 -> 15 | B19: ='LISTA DE OFERENTES'!B18 -> PRAN CONSTRUCCIONES S.A.S. | C19: CUMPLE | D19: CUMPLE | E19: CUMPLE | F19: =IF(AND(C19="CUMPLE",D19="CUMPLE",E19="CUMPLE"),"CUMPLE","NO CUMPLE") -> CUMPLE
A20: =A19+1 -> 16 | B20: ='LISTA DE OFERENTES'!B19 -> CONSORCIO INTER 1 | C20: CUMPLE | D20: CUMPLE | E20: CUMPLE | F20: =IF(AND(C20="CUMPLE",D20="CUMPLE",E20="CUMPLE"),"CUMPLE","NO CUMPLE") -> CUMPLE
A21: =A20+1 -> 17 | B21: ='LISTA DE OFERENTES'!B20 -> CONSORCIO EG-795 KM | C21: CUMPLE | D21: CUMPLE | E21: CUMPLE | F21: =IF(AND(C21="CUMPLE",D21="CUMPLE",E21="CUMPLE"),"CUMPLE","NO CUMPLE") -> CUMPLE
A22: =A21+1 -> 18 | B22: ='LISTA DE OFERENTES'!B21 -> CONSORCIO INTERENGATIVA E&D | C22: CUMPLE | D22: CUMPLE | E22: CUMPLE | F22: =IF(AND(C22="CUMPLE",D22="CUMPLE",E22="CUMPLE"),"CUMPLE","NO CUMPLE") -> CUMPLE
A23: =A22+1 -> 19 | B23: ='LISTA DE OFERENTES'!B22 -> COVILCO INGENIERIA S.A.S | C23: CUMPLE | D23: CUMPLE | E23: CUMPLE | F23: =IF(AND(C23="CUMPLE",D23="CUMPLE",E23="CUMPLE"),"CUMPLE","NO CUMPLE") -> CUMPLE
A24: =A23+1 -> 20 | B24: ='LISTA DE OFERENTES'!B23 -> CONSORCIO PRO-TEV 24 | C24: CUMPLE | D24: CUMPLE | E24: CUMPLE | F24: =IF(AND(C24="CUMPLE",D24="CUMPLE",E24="CUMPLE"),"CUMPLE","NO CUMPLE") -> CUMPLE
A25: =A24+1 -> 21 | B25: ='LISTA DE OFERENTES'!B24 -> CONSORCIO INTER PARQUES ENGATIVA G&L | C25: NO CUMPLE | D25: NO CUMPLE | E25: NO CUMPLE | F25: =IF(AND(C25="CUMPLE",D25="CUMPLE",E25="CUMPLE"),"CUMPLE","NO CUMPLE") -> NO CUMPLE | G25: EL OFERENTE NO CUMPLE YA QUE EL CONSORCIADO LUIS GUILLERMO NARVAEZ SU DOMICILIO ES DEL MUNICIPIO DE BARRANQUILLA - RUP (NO CUMPLE CON LO ESTABLECIDO EN EL ARTICULO ARTÍCULO 2.2.1.2.4.2.3 Y ARTÍCULO 2.2.1.2.4.2.4., del Dcreto 1860 de 2021, Así mismo dando aplicabilidad a la resolución de apertura No. 297 del 5 de noviembre de 2024, la cual indica que se limitara a mipymes terriotiales Bogotá.)
A26: =A25+1 -> 22 | B26: ='LISTA DE OFERENTES'!B25 -> SOLUCIONES PARA LA INGENIERÍA S.A.S. | C26: CUMPLE | D26: CUMPLE | E26: CUMPLE | F26: =IF(AND(C26="CUMPLE",D26="CUMPLE",E26="CUMPLE"),"CUMPLE","NO CUMPLE") -> CUMPLE
A27: =A26+1 -> 23 | B27: ='LISTA DE OFERENTES'!B26 -> CONSORCIO SAN MARTIN 795 | C27: CUMPLE | D27: CUMPLE | E27: CUMPLE | F27: =IF(AND(C27="CUMPLE",D27="CUMPLE",E27="CUMPLE"),"CUMPLE","NO CUMPLE") -> CUMPLE
A28: =A27+1 -> 24 | B28: ='LISTA DE OFERENTES'!B27 -> CONSORCIO GTC INTERPARK | C28: CUMPLE | D28: CUMPLE | E28: CUMPLE | F28: =IF(AND(C28="CUMPLE",D28="CUMPLE",E28="CUMPLE"),"CUMPLE","NO CUMPLE") -> CUMPLE
A29: =A28+1 -> 25 | B29: ='LISTA DE OFERENTES'!B28 -> CIAF LTDA INGENIERIA | C29: CUMPLE | D29: CUMPLE | E29: CUMPLE | F29: =IF(AND(C29="CUMPLE",D29="CUMPLE",E29="CUMPLE"),"CUMPLE","NO CUMPLE") -> CUMPLE
A30: =A29+1 -> 26 | B30: ='LISTA DE OFERENTES'!B29 -> JESAK SAS | C30: CUMPLE | D30: CUMPLE | E30: CUMPLE | F30: =IF(AND(C30="CUMPLE",D30="CUMPLE",E30="CUMPLE"),"CUMPLE","NO CUMPLE") -> CUMPLE
A31: =A30+1 -> 27 | B31: ='LISTA DE OFERENTES'!B30 -> INTERVENTORIA Y CONSTRUCIVILES SAS | C31: CUMPLE | D31: CUMPLE | E31: CUMPLE | F31: =IF(AND(C31="CUMPLE",D31="CUMPLE",E31="CUMPLE"),"CUMPLE","NO CUMPLE") -> CUMPLE
A32: =A31+1 -> 28 | B32: ='LISTA DE OFERENTES'!B31 -> CONSORCIO INTER-PARQUES OCCIDENTE | C32: CUMPLE | D32: CUMPLE | E32: CUMPLE | F32: =IF(AND(C32="CUMPLE",D32="CUMPLE",E32="CUMPLE"),"CUMPLE","NO CUMPLE") -> CUMPLE
A33: =A32+1 -> 29 | B33: ='LISTA DE OFERENTES'!B32 -> CONSORCIO EPSILON ENGATIVA | C33: CUMPLE | D33: CUMPLE | E33: CUMPLE | F33: =IF(AND(C33="CUMPLE",D33="CUMPLE",E33="CUMPLE"),"CUMPLE","NO CUMPLE") -> CUMPLE
A34: =A33+1 -> 30 | B34: ='LISTA DE OFERENTES'!B33 -> CONSORCIO IA PLUS 2024 | C34: NO CUMPLE | D34: NO CUMPLE | E34: NO CUMPLE | F34: =IF(AND(C34="CUMPLE",D34="CUMPLE",E34="CUMPLE"),"CUMPLE","NO CUMPLE") -> NO CUMPLE | G34: EL OFERENTE NO CUMPLE YA QUE EL CONSORCIADO DIEZ PLUS INGENIERIA SAS SU DOMICILIO CORRESPONDE A LA CIUDAD DE CALI - RUP (NO CUMPLE CON LO ESTABLECIDO EN EL ARTICULO ARTÍCULO 2.2.1.2.4.2.3 Y ARTÍCULO 2.2.1.2.4.2.4., del Dcreto 1860 de 2021, Así mismo dando aplicabilidad a la resolución de apertura No. 297 del 5 de noviembre de 2024, la cual indica que se limitara a mipymes terriotiales Bogotá.)
A35: =A34+1 -> 31 | B35: ='LISTA DE OFERENTES'!B34 -> APP CONSULTORES & ESTRUCTURADORES S.A.S | C35: CUMPLE | D35: CUMPLE | E35: CUMPLE | F35: =IF(AND(C35="CUMPLE",D35="CUMPLE",E35="CUMPLE"),"CUMPLE","NO CUMPLE") -> CUMPLE
A36: =A35+1 -> 32 | B36: ='LISTA DE OFERENTES'!B35 -> ARQUITECTURA URBANA LTDA | C36: CUMPLE | D36: CUMPLE | E36: CUMPLE | F36: =IF(AND(C36="CUMPLE",D36="CUMPLE",E36="CUMPLE"),"CUMPLE","NO CUMPLE") -> CUMPLE
A37: =A36+1 -> 33 | B37: ='LISTA DE OFERENTES'!B36 -> CONSORCIO TABORA | C37: CUMPLE | D37: CUMPLE | E37: CUMPLE | F37: =IF(AND(C37="CUMPLE",D37="CUMPLE",E37="CUMPLE"),"CUMPLE","NO CUMPLE") -> CUMPLE
A38: =A37+1 -> 34 | B38: ='LISTA DE OFERENTES'!B37 -> CONSORCIO CT | C38: CUMPLE | D38: CUMPLE | E38: CUMPLE | F38: =IF(AND(C38="CUMPLE",D38="CUMPLE",E38="CUMPLE"),"CUMPLE","NO CUMPLE") -> CUMPLE
A39: =A38+1 -> 35 | B39: ='LISTA DE OFERENTES'!B38 -> CONSORCIO INVIMAZ 2024 | C39: NO CUMPLE | D39: NO CUMPLE | E39: NO CUMPLE | F39: =IF(AND(C39="CUMPLE",D39="CUMPLE",E39="CUMPLE"),"CUMPLE","NO CUMPLE") -> NO CUMPLE | G39: EL OFERENTE NO CUMPLE YA QUE EL CONSORCIADO MAZ INTERVENTORES Y CONSULTORES S.A.S. SU DOMICILIO ES DE LA CIUDAD DE VALLEDUPAR-RUP (NO CUMPLE CON LO ESTABLECIDO EN EL ARTICULO ARTÍCULO 2.2.1.2.4.2.3 Y ARTÍCULO 2.2.1.2.4.2.4., del Dcreto 1860 de 2021, Así mismo dando aplicabilidad a la resolución de apertura No. 297 del 5 de noviembre de 2024, la cual indica que se limitara a mipymes terriotiales Bogotá.)
A40: =A39+1 -> 36 | B40: ='LISTA DE OFERENTES'!B39 -> CONSORCIO CONSULTORES ENGATIVA | C40: CUMPLE | D40: CUMPLE | E40: CUMPLE | F40: =IF(AND(C40="CUMPLE",D40="CUMPLE",E40="CUMPLE"),"CUMPLE","NO CUMPLE") -> CUMPLE
A41: =A40+1 -> 37 | B41: ='LISTA DE OFERENTES'!B40 -> PROYECTOS DE DESARROLLO E INFRAESTRUCTURA COLOMBIA S.A.S. – PRODEINCOL S.A.S. | C41: CUMPLE | D41: CUMPLE | E41: CUMPLE | F41: =IF(AND(C41="CUMPLE",D41="CUMPLE",E41="CUMPLE"),"CUMPLE","NO CUMPLE") -> CUMPLE
A42: =A41+1 -> 38 | B42: ='LISTA DE OFERENTES'!B41 -> R&M CONSTRUCCIONES E INTERVENTORIAS S.A.S. | C42: CUMPLE | D42: CUMPLE | E42: CUMPLE | F42: =IF(AND(C42="CUMPLE",D42="CUMPLE",E42="CUMPLE"),"CUMPLE","NO CUMPLE") -> CUMPLE
A43: =A42+1 -> 39 | B43: ='LISTA DE OFERENTES'!B42 -> CONSORCIO ALMA – INTERNOVAC | C43: NO CUMPLE | D43: NO CUMPLE | E43: NO CUMPLE | F43: =IF(AND(C43="CUMPLE",D43="CUMPLE",E43="CUMPLE"),"CUMPLE","NO CUMPLE") -> NO CUMPLE | G43: EL OFERENTE NO CUMPLE YA QUE EL CONSORCIADO INTERNOVAC GROUP SAS BIC SU DOMICILIO ES DE LA CIUDAD DE MONTERIA-RUP (NO CUMPLE CON LO ESTABLECIDO EN EL ARTICULO ARTÍCULO 2.2.1.2.4.2.3 Y ARTÍCULO 2.2.1.2.4.2.4., del Dcreto 1860 de 2021, Así mismo dando aplicabilidad a la resolución de apertura No. 297 del 5 de noviembre de 2024, la cual indica que se limitara a mipymes terriotiales Bogotá.)
A44: =A43+1 -> 40 | B44: ='LISTA DE OFERENTES'!B43 -> R&Y GRUP SAS | C44: NO CUMPLE | D44: CUMPLE | E44: NO CUMPLE | F44: RECHAZADO | G44: NO CUMPLE, DADO QUE EN EL FORMATO No. 8 NO SE RELACIONA CORRECTAMENTE EL No. DEL PROCESO, EL CUAL CORRESPONDE AL FDLE-CMA-795-2024. NO CUMPLE, DADO QUE EL FORMULARIO 1 - PROPUESTA ECONOMICA NO CORRESPONDE AL PUBLICADO POR EL FONDO DE DESARROLLO LOCAL DE ENGATIVA. EL OFERENTE NO SUBSANO EN EL TERMINO DEL TRASLADO DEL INFORME PRELIMINAR, POR LO TANTO, ESTA INMERSO EN LA CAUSAL DE RECHAZO E.
A45: =A44+1 -> 41 | B45: ='LISTA DE OFERENTES'!B44 -> CONSORCIO PROYECTOS 2024 | C45: CUMPLE | D45: CUMPLE | E45: CUMPLE | F45: =IF(AND(C45="CUMPLE",D45="CUMPLE",E45="CUMPLE"),"CUMPLE","NO CUMPLE") -> CUMPLE
A46: =A45+1 -> 42 | B46: ='LISTA DE OFERENTES'!B45 -> CONSORCIO INTERVENTORES S&C | C46: CUMPLE | D46: CUMPLE | E46: CUMPLE | F46: =IF(AND(C46="CUMPLE",D46="CUMPLE",E46="CUMPLE"),"CUMPLE","NO CUMPLE") -> CUMPLE
A47: =A46+1 -> 43 | B47: ='LISTA DE OFERENTES'!B46 -> CONSORCIO MOSCU | C47: CUMPLE | D47: CUMPLE | E47: CUMPLE | F47: =IF(AND(C47="CUMPLE",D47="CUMPLE",E47="CUMPLE"),"CUMPLE","NO CUMPLE") -> CUMPLE
A48: =A47+1 -> 44 | B48: ='LISTA DE OFERENTES'!B47 -> CONSORCIO SAIEC | C48: CUMPLE | D48: NO CUMPLE | E48: CUMPLE | F48: =IF(AND(C48="CUMPLE",D48="CUMPLE",E48="CUMPLE"),"CUMPLE","NO CUMPLE") -> NO CUMPLE | G48: EL OFERENTE NO CUMPLE CON LA EXIGENCIA MINIMA DE LA EXPERIENCIA DE ACUERDO CON LO SOLICITADO EN EL PLIEGO DE CONDICIONES.
A49: =A48+1 -> 45 | B49: ='LISTA DE OFERENTES'!B48 -> CONSORCIO IDEA | C49: CUMPLE | D49: CUMPLE | E49: CUMPLE | F49: =IF(AND(C49="CUMPLE",D49="CUMPLE",E49="CUMPLE"),"CUMPLE","NO CUMPLE") -> CUMPLE
A50: =A49+1 -> 46 | B50: ='LISTA DE OFERENTES'!B49 -> CONSORCIO ENGATIVA JINT 95 | C50: CUMPLE | D50: CUMPLE | E50: CUMPLE | F50: =IF(AND(C50="CUMPLE",D50="CUMPLE",E50="CUMPLE"),"CUMPLE","NO CUMPLE") -> CUMPLE

Sheet RESUMEN EVALUACIÓN
A1: FONDO DE DESARROLLO LOCAL DE ENGATIVÁ
A2: FDLE-CMA-795-2024
A3: REALIZAR LA INTERVENTORÍA TÉCNICA, JURÍDICA, ADMINISTRATIVA, FINANCIERA, AMBIENTAL, SOCIAL, SST Y PMTS AL CONTRATO QUE TIENE POR OBJETO: “REALIZAR A MONTO AGOTABLE Y A PRECIOS UNITARIOS LA INTERVENCIÓN DE LOS PARQUES VECINALES Y/O DE BOLSILLO Y ESPACIO PÚBLICO (ANDENES PERIMETRALES) EN LA LOCALIDAD DE ENGATIVÁ
A5: No. | B5: Nombre de Oferente : | C5: CAPACIDAD FINANCIERA | D5: CAPACIDAD JURIDICA | E5: CAPACIDAD TÉCNICA | F5: INFORME FINAL | G5: OBSERVACIONES
A6: 1 | B6: ='LISTA DE OFERENTES'!B4 -> CONSORCIO PARQUES IA | C6: NO CUMPLE | D6: NO CUMPLE | E6: NO CUMPLE | F6: RECHAZADO | G6: RECHAZADO (NO CUMPLE CON LO ESTABLECIDO EN EL ARTICULO ARTÍCULO 2.2.1.2.4.2.3 Y ARTÍCULO 2.2.1.2.4.2.4., del Decreto 1860 de 2021, Así mismo dando aplicabilidad a la resolución de apertura No. 297 del 5 de noviembre de 2024, la cual indica que se limitara a mipymes terriotiales Bogotá.)
A7: 2 | B7: ='LISTA DE OFERENTES'!B5 -> CONSORCIO METRO CINCO | C7: CUMPLE | D7: CUMPLE | E7: CUMPLE | F7: =IF(AND(C7="CUMPLE",D7="CUMPLE",E7="CUMPLE"),"HABILITADO","NO HABILITADO") -> HABILITADO
A8: 3 | B8: ='LISTA DE OFERENTES'!B6 -> HR INGENIERIA SAS | C8: CUMPLE | D8: CUMPLE | E8: NO CUMPLE | F8: =IF(AND(C8="CUMPLE",D8="CUMPLE",E8="CUMPLE"),"HABILITADO","NO HABILITADO") -> NO HABILITADO | G8: REVISAR EVALUACIÓN CAPACIDAD TÉCNICA
A9: 4 | B9: ='LISTA DE OFERENTES'!B7 -> INGECO INGENIERIA DE CONSTRUCCIONES S.A.S | C9: CUMPLE | D9: CUMPLE | E9: CUMPLE | F9: =IF(AND(C9="CUMPLE",D9="CUMPLE",E9="CUMPLE"),"HABILITADO","NO HABILITADO") -> HABILITADO
A10: 5 | B10: ='LISTA DE OFERENTES'!B8 -> A&G PLUS SAS BIC | C10: CUMPLE | D10: CUMPLE | E10: NO CUMPLE | F10: =IF(AND(C10="CUMPLE",D10="CUMPLE",E10="CUMPLE"),"HABILITADO","NO HABILITADO") -> NO HABILITADO | G10: REVISAR EVALUACIÓN CAPACIDAD TÉCNICA
A11: 6 | B11: ='LISTA DE OFERENTES'!B9 -> CONSORCIO PARQUES ENGATIVÁ 2025 | C11: CUMPLE | D11: CUMPLE | E11: CUMPLE | F11: =IF(AND(C11="CUMPLE",D11="CUMPLE",E11="CUMPLE"),"HABILITADO","NO HABILITADO") -> HABILITADO
A12: 7 | B12: ='LISTA DE OFERENTES'!B10 -> CONSULTORA COLOMBIANA TRIPLE C S.A.S BIC | C12: CUMPLE | D12: CUMPLE | E12: CUMPLE | F12: =IF(AND(C12="CUMPLE",D12="CUMPLE",E12="CUMPLE"),"HABILITADO","NO HABILITADO") -> HABILITADO
A13: 8 | B13: ='LISTA DE OFERENTES'!B11 -> CONSULTORES, DESARROLLO Y AMBIENTE SAS BIC | C13: CUMPLE | D13: CUMPLE | E13: CUMPLE | F13: =IF(AND(C13="CUMPLE",D13="CUMPLE",E13="CUMPLE"),"HABILITADO","NO HABILITADO") -> HABILITADO
A14: 9 | B14: ='LISTA DE OFERENTES'!B12 -> CONSORCIO BOGOTÁ | C14: CUMPLE | D14: CUMPLE | E14: CUMPLE | F14: =IF(AND(C14="CUMPLE",D14="CUMPLE",E14="CUMPLE"),"HABILITADO","NO HABILITADO") -> HABILITADO
A15: 10 | B15: ='LISTA DE OFERENTES'!B13 -> LOS ROSALES CONSTRUCTORA INMOBILIARIA SAS | C15: CUMPLE | D15: CUMPLE | E15: NO CUMPLE | F15: RECHAZADO | G15: EL OFERENTE NO SUBSANO EN EL TERMINO DEL TRASLADO DEL INFORME PRELIMINAR, POR LO TANTO, ESTA INMERSO EN LA CAUSAL DE RECHAZO E.
A16: 11 | B16: ='LISTA DE OFERENTES'!B14 -> CONSORCIO PARQUES JAPG 2024 | C16: CUMPLE | D16: CUMPLE | E16: CUMPLE | F16: =IF(AND(C16="CUMPLE",D16="CUMPLE",E16="CUMPLE"),"HABILITADO","NO HABILITADO") -> HABILITADO
A17: 12 | B17: ='LISTA DE OFERENTES'!B15 -> ESTUDIOS TÉCNICOS Y CONSTRUCCIONES SAS | C17: CUMPLE | D17: CUMPLE | E17: NO CUMPLE | F17: =IF(AND(C17="CUMPLE",D17="CUMPLE",E17="CUMPLE"),"HABILITADO","NO HABILITADO") -> NO HABILITADO | G17: REVISAR EVALUACIÓN CAPACIDAD TÉCNICA
A18: 13 | B18: ='LISTA DE OFERENTES'!B16 -> CONSORCIO SIGMA | C18: CUMPLE | D18: CUMPLE | E18: CUMPLE | F18: =IF(AND(C18="CUMPLE",D18="CUMPLE",E18="CUMPLE"),"HABILITADO","NO HABILITADO") -> HABILITADO
A19: 14 | B19: ='LISTA DE OFERENTES'!B17 -> PROJEKTA LTDA. INGENIEROS CONSULTORES | C19: CUMPLE | D19: CUMPLE | E19: CUMPLE | F19: =IF(AND(C19="CUMPLE",D19="CUMPLE",E19="CUMPLE"),"HABILITADO","NO HABILITADO") -> HABILITADO
A20: 15 | B20: ='LISTA DE OFERENTES'!B18 -> PRAN CONSTRUCCIONES S.A.S. | C20: CUMPLE | D20: CUMPLE | E20: CUMPLE | F20: =IF(AND(C20="CUMPLE",D20="CUMPLE",E20="CUMPLE"),"HABILITADO","NO HABILITADO") -> HABILITADO
A21: 16 | B21: ='LISTA DE OFERENTES'!B19 -> CONSORCIO INTER 1 | C21: CUMPLE | D21: CUMPLE | E21: CUMPLE | F21: =IF(AND(C21="CUMPLE",D21="CUMPLE",E21="CUMPLE"),"HABILITADO","NO HABILITADO") -> HABILITADO
A22: 17 | B22: ='LISTA DE OFERENTES'!B20 -> CONSORCIO EG-795 KM | C22: CUMPLE | D22: CUMPLE | E22: CUMPLE | F22: =IF(AND(C22="CUMPLE",D22="CUMPLE",E22="CUMPLE"),"HABILITADO","NO HABILITADO") -> HABILITADO
A23: 18 | B23: ='LISTA DE OFERENTES'!B21 -> CONSORCIO INTERENGATIVA E&D | C23: CUMPLE | D23: CUMPLE | E23: CUMPLE | F23: =IF(AND(C23="CUMPLE",D23="CUMPLE",E23="CUMPLE"),"HABILITADO","NO HABILITADO") -> HABILITADO
A24: 19 | B24: ='LISTA DE OFERENTES'!B22 -> COVILCO INGENIERIA S.A.S | C24: CUMPLE | D24: CUMPLE | E24: CUMPLE | F24: =IF(AND(C24="CUMPLE",D24="CUMPLE",E24="CUMPLE"),"HABILITADO","NO HABILITADO") -> HABILITADO
A25: 20 | B25: ='LISTA DE OFERENTES'!B23 -> CONSORCIO PRO-TEV 24 | C25: CUMPLE | D25: CUMPLE | E25: CUMPLE | F25: =IF(AND(C25="CUMPLE",D25="CUMPLE",E25="CUMPLE"),"HABILITADO","NO HABILITADO") -> HABILITADO
A26: 21 | B26: ='LISTA DE OFERENTES'!B24 -> CONSORCIO INTER PARQUES ENGATIVA G&L | C26: NO CUMPLE | D26: NO CUMPLE | E26: NO CUMPLE | F26: RECHAZADO | G26: RECHAZADO (NO CUMPLE CON LO ESTABLECIDO EN EL ARTICULO ARTÍCULO 2.2.1.2.4.2.3 Y ARTÍCULO 2.2.1.2.4.2.4., del Decreto 1860 de 2021, Así mismo dando aplicabilidad a la resolución de apertura No. 297 del 5 de noviembre de 2024, la cual indica que se limitara a mipymes terriotiales Bogotá.)
A27: 22 | B27: ='LISTA DE OFERENTES'!B25 -> SOLUCIONES PARA LA INGENIERÍA S.A.S. | C27: CUMPLE | D27: CUMPLE | E27: CUMPLE | F27: =IF(AND(C27="CUMPLE",D27="CUMPLE",E27="CUMPLE"),"HABILITADO","NO HABILITADO") -> HABILITADO
A28: 23 | B28: ='LISTA DE OFERENTES'!B26 -> CONSORCIO SAN MARTIN 795 | C28: CUMPLE | D28: CUMPLE | E28: CUMPLE | F28: =IF(AND(C28="CUMPLE",D28="CUMPLE",E28="CUMPLE"),"HABILITADO","NO HABILITADO") -> HABILITADO
A29: 24 | B29: ='LISTA DE OFERENTES'!B27 -> CONSORCIO GTC INTERPARK | C29: CUMPLE | D29: CUMPLE | E29: CUMPLE | F29: =IF(AND(C29="CUMPLE",D29="CUMPLE",E29="CUMPLE"),"HABILITADO","NO HABILITADO") -> HABILITADO
A30: 25 | B30: ='LISTA DE OFERENTES'!B28 -> CIAF LTDA INGENIERIA | C30: CUMPLE | D30: CUMPLE | E30: CUMPLE | F30: =IF(AND(C30="CUMPLE",D30="CUMPLE",E30="CUMPLE"),"HABILITADO","NO HABILITADO") -> HABILITADO
A31: 26 | B31: ='LISTA DE OFERENTES'!B29 -> JESAK SAS | C31: CUMPLE | D31: CUMPLE | E31: CUMPLE | F31: =IF(AND(C31="CUMPLE",D31="CUMPLE",E31="CUMPLE"),"HABILITADO","NO HABILITADO") -> HABILITADO
A32: 27 | B32: ='LISTA DE OFERENTES'!B30 -> INTERVENTORIA Y CONSTRUCIVILES SAS | C32: CUMPLE | D32: CUMPLE | E32: CUMPLE | F32: =IF(AND(C32="CUMPLE",D32="CUMPLE",E32="CUMPLE"),"HABILITADO","NO HABILITADO") -> HABILITADO
A33: 28 | B33: ='LISTA DE OFERENTES'!B31 -> CONSORCIO INTER-PARQUES OCCIDENTE | C33: CUMPLE | D33: CUMPLE | E33: CUMPLE | F33: =IF(AND(C33="CUMPLE",D33="CUMPLE",E33="CUMPLE"),"HABILITADO","NO HABILITADO") -> HABILITADO
A34: 29 | B34: ='LISTA DE OFERENTES'!B32 -> CONSORCIO EPSILON ENGATIVA | C34: CUMPLE | D34: CUMPLE | E34: CUMPLE | F34: =IF(AND(C34="CUMPLE",D34="CUMPLE",E34="CUMPLE"),"HABILITADO","NO HABILITADO") -> HABILITADO
A35: 30 | B35: ='LISTA DE OFERENTES'!B33 -> CONSORCIO IA PLUS 2024 | C35: NO CUMPLE | D35: NO CUMPLE | E35: NO CUMPLE | F35: RECHAZADO | G35: RECHAZADO (NO CUMPLE CON LO ESTABLECIDO EN EL ARTICULO ARTÍCULO 2.2.1.2.4.2.3 Y ARTÍCULO 2.2.1.2.4.2.4., del Decreto 1860 de 2021, Así mismo dando aplicabilidad a la resolución de apertura No. 297 del 5 de noviembre de 2024, la cual indica que se limitara a mipymes terriotiales Bogotá.)
A36: 31 | B36: ='LISTA DE OFERENTES'!B34 -> APP CONSULTORES & ESTRUCTURADORES S.A.S | C36: CUMPLE | D36: CUMPLE | E36: CUMPLE | F36: =IF(AND(C36="CUMPLE",D36="CUMPLE",E36="CUMPLE"),"HABILITADO","NO HABILITADO") -> HABILITADO
A37: 32 | B37: ='LISTA DE OFERENTES'!B35 -> ARQUITECTURA URBANA LTDA | C37: CUMPLE | D37: CUMPLE | E37: CUMPLE | F37: =IF(AND(C37="CUMPLE",D37="CUMPLE",E37="CUMPLE"),"HABILITADO","NO HABILITADO") -> HABILITADO
A38: 33 | B38: ='LISTA DE OFERENTES'!B36 -> CONSORCIO TABORA | C38: CUMPLE | D38: CUMPLE | E38: CUMPLE | F38: =IF(AND(C38="CUMPLE",D38="CUMPLE",E38="CUMPLE"),"HABILITADO","NO HABILITADO") -> HABILITADO
A39: 34 | B39: ='LISTA DE OFERENTES'!B37 -> CONSORCIO CT | C39: CUMPLE | D39: CUMPLE | E39: CUMPLE | F39: =IF(AND(C39="CUMPLE",D39="CUMPLE",E39="CUMPLE"),"HABILITADO","NO HABILITADO") -> HABILITADO
A40: 35 | B40: ='LISTA DE OFERENTES'!B38 -> CONSORCIO INVIMAZ 2024 | C40: NO CUMPLE | D40: NO CUMPLE | E40: NO CUMPLE | F40: RECHAZADO | G40: RECHAZADO (NO CUMPLE CON LO ESTABLECIDO EN EL ARTICULO ARTÍCULO 2.2.1.2.4.2.3 Y ARTÍCULO 2.2.1.2.4.2.4., del Decreto 1860 de 2021, Así mismo dando aplicabilidad a la resolución de apertura No. 297 del 5 de noviembre de 2024, la cual indica que se limitara a mipymes terriotiales Bogotá.)
A41: 36 | B41: ='LISTA DE OFERENTES'!B39 -> CONSORCIO CONSULTORES ENGATIVA | C41: CUMPLE | D41: CUMPLE | E41: CUMPLE | F41: =IF(AND(C41="CUMPLE",D41="CUMPLE",E41="CUMPLE"),"HABILITADO","NO HABILITADO") -> HABILITADO | G41: REVISAR EVALUACIÓN CAPACIDAD TÉCNICA
A42: 37 | B42: ='LISTA DE OFERENTES'!B40 -> PROYECTOS DE DESARROLLO E INFRAESTRUCTURA COLOMBIA S.A.S. – PRODEINCOL S.A.S. | C42: CUMPLE | D42: CUMPLE | E42: CUMPLE | F42: =IF(AND(C42="CUMPLE",D42="CUMPLE",E42="CUMPLE"),"HABILITADO","NO HABILITADO") -> HABILITADO | G42: REVISAR EVALUACIÓN CAPACIDAD TÉCNICA
A43: 38 | B43: ='LISTA DE OFERENTES'!B41 -> R&M CONSTRUCCIONES E INTERVENTORIAS S.A.S. | C43: CUMPLE | D43: CUMPLE | E43: CUMPLE | F43: =IF(AND(C43="CUMPLE",D43="CUMPLE",E43="CUMPLE"),"HABILITADO","NO HABILITADO") -> HABILITADO | G43: REVISAR EVALUACIÓN CAPACIDAD TÉCNICA
A44: 39 | B44: ='LISTA DE OFERENTES'!B42 -> CONSORCIO ALMA – INTERNOVAC | C44: NO CUMPLE | D44: NO CUMPLE | E44: NO CUMPLE | F44: RECHAZADO | G44: RECHAZADO (NO CUMPLE CON LO ESTABLECIDO EN EL ARTICULO ARTÍCULO 2.2.1.2.4.2.3 Y ARTÍCULO 2.2.1.2.4.2.4., del Decreto 1860 de 2021, Así mismo dando aplicabilidad a la resolución de apertura No. 297 del 5 de noviembre de 2024, la cual indica que se limitara a mipymes terriotiales Bogotá.)
A45: 40 | B45: ='LISTA DE OFERENTES'!B43 -> R&Y GRUP SAS | C45: CUMPLE | D45: CUMPLE | E45: NO CUMPLE | F45: RECHAZADO | G45: EL OFERENTE NO SUBSANO EN EL TERMINO DEL TRASLADO DEL INFORME PRELIMINAR, POR LO TANTO, ESTA INMERSO EN LA CAUSAL DE RECHAZO E.
A46: 41 | B46: ='LISTA DE OFERENTES'!B44 -> CONSORCIO PROYECTOS 2024 | C46: CUMPLE | D46: CUMPLE | E46: CUMPLE | F46: =IF(AND(C46="CUMPLE",D46="CUMPLE",E46="CUMPLE"),"HABILITADO","NO HABILITADO") -> HABILITADO
A47: 42 | B47: ='LISTA DE OFERENTES'!B45 -> CONSORCIO INTERVENTORES S&C | C47: CUMPLE | D47: CUMPLE | E47: CUMPLE | F47: =IF(AND(C47="CUMPLE",D47="CUMPLE",E47="CUMPLE"),"HABILITADO","NO HABILITADO") -> HABILITADO
A48: 43 | B48: ='LISTA DE OFERENTES'!B46 -> CONSORCIO MOSCU | C48: CUMPLE | D48: CUMPLE | E48: CUMPLE | F48: =IF(AND(C48="CUMPLE",D48="CUMPLE",E48="CUMPLE"),"HABILITADO","NO HABILITADO") -> HABILITADO
A49: 44 | B49: ='LISTA DE OFERENTES'!B47 -> CONSORCIO SAIEC | C49: CUMPLE | D49: CUMPLE | E49: NO CUMPLE | F49: =IF(AND(C49="CUMPLE",D49="CUMPLE",E49="CUMPLE"),"HABILITADO","NO HABILITADO") -> NO HABILITADO | G49: REVISAR EVALUACIÓN CAPACIDAD TÉCNICA
A50: 45 | B50: ='LISTA DE OFERENTES'!B48 -> CONSORCIO IDEA | C50: CUMPLE | D50: CUMPLE | E50: CUMPLE | F50: =IF(AND(C50="CUMPLE",D50="CUMPLE",E50="CUMPLE"),"HABILITADO","NO HABILITADO") -> HABILITADO
A51: 46 | B51: ='LISTA DE OFERENTES'!B49 -> CONSORCIO ENGATIVA JINT 95 | C51: CUMPLE | D51: CUMPLE | E51: CUMPLE | F51: =IF(AND(C51="CUMPLE",D51="CUMPLE",E51="CUMPLE"),"HABILITADO","NO HABILITADO") -> HABILITADO

Sheet MEDIA ARITMETICA ALTA
A1: EXPERIENCIA DEL PROPONENTE
A2: CANTIDAD DE SMMLV QUE REPRESENTAN EL PROMEDIO DE LOS CONTRATOS VALIDOS PARA ACREDITAR EXPERIENCIA | H2: PUNTAJE MAXIMO | I2: 67.75
A3: FDLE-CMA-795-2024 | H3: TRM VIGENTE 18/11/2024 | I3: 4454.68
H4: PRIMERAS DOS CIFRAS DEC.TRM | I4: 68
A10: OFERENTES | C10: PROMEDIO SMMLV | D10: VALOR MAXIMO Vmáx | E10: PROMEDIO ARITMETICO X | F10: MEDIA ARIMETICA ALTA
A11: 2 | B11: =VLOOKUP(A11,'LISTA DE OFERENTES'!$A$4:$B$80,2,FALSE) -> CONSORCIO METRO CINCO | C11: =+'EXPERIENCIA DEL PROPONENTE'!C24 -> 863.4327 | D11: =MAX(C11:C45) -> 1421.6004 | E11: =AVERAGE(C11:C45) -> 639.99619 | F11: =+(D11+E11)/2 -> 1030.7983
A12: 4 | B12: =VLOOKUP(A12,'LISTA DE OFERENTES'!$A$4:$B$80,2,FALSE) -> INGECO INGENIERIA DE CONSTRUCCIONES S.A.S | C12: =+'EXPERIENCIA DEL PROPONENTE'!C51 -> 700.87483
A13: 6 | B13: =VLOOKUP(A13,'LISTA DE OFERENTES'!$A$4:$B$80,2,FALSE) -> CONSORCIO PARQUES ENGATIVÁ 2025 | C13: =+'EXPERIENCIA DEL PROPONENTE'!C74 -> 365.37945
A14: 7 | B14: =VLOOKUP(A14,'LISTA DE OFERENTES'!$A$4:$B$80,2,FALSE) -> CONSULTORA COLOMBIANA TRIPLE C S.A.S BIC | C14: =+'EXPERIENCIA DEL PROPONENTE'!C88 -> 491.22192
A15: 8 | B15: =VLOOKUP(A15,'LISTA DE OFERENTES'!$A$4:$B$80,2,FALSE) -> CONSULTORES, DESARROLLO Y AMBIENTE SAS BIC | C15: =+'EXPERIENCIA DEL PROPONENTE'!C101 -> 280.71094
A16: 9 | B16: =VLOOKUP(A16,'LISTA DE OFERENTES'!$A$4:$B$80,2,FALSE) -> CONSORCIO BOGOTÁ | C16: =+'EXPERIENCIA DEL PROPONENTE'!C112 -> 753.17971
A17: 11 | B17: =VLOOKUP(A17,'LISTA DE OFERENTES'!$A$4:$B$80,2,FALSE) -> CONSORCIO PARQUES JAPG 2024 | C17: =+'EXPERIENCIA DEL PROPONENTE'!C139 -> 671.04687
A18: 13 | B18: =VLOOKUP(A18,'LISTA DE OFERENTES'!$A$4:$B$80,2,FALSE) -> CONSORCIO SIGMA | C18: =+'EXPERIENCIA DEL PROPONENTE'!C165 -> 460.48311
A19: 14 | B19: =VLOOKUP(A19,'LISTA DE OFERENTES'!$A$4:$B$80,2,FALSE) -> PROJEKTA LTDA. INGENIEROS CONSULTORES | C19: =+'EXPERIENCIA DEL PROPONENTE'!C179 -> 1045.058
A20: 15 | B20: =VLOOKUP(A20,'LISTA DE OFERENTES'!$A$4:$B$80,2,FALSE) -> PRAN CONSTRUCCIONES S.A.S. | C20: =+'EXPERIENCIA DEL PROPONENTE'!C191 -> 572.03
A21: 16 | B21: =VLOOKUP(A21,'LISTA DE OFERENTES'!$A$4:$B$80,2,FALSE) -> CONSORCIO INTER 1 | C21: =+'EXPERIENCIA DEL PROPONENTE'!C202 -> 506.7161
A22: 17 | B22: =VLOOKUP(A22,'LISTA DE OFERENTES'!$A$4:$B$80,2,FALSE) -> CONSORCIO EG-795 KM | C22: =+'EXPERIENCIA DEL PROPONENTE'!C216 -> 912.52861
A23: 18 | B23: =VLOOKUP(A23,'LISTA DE OFERENTES'!$A$4:$B$80,2,FALSE) -> CONSORCIO INTERENGATIVA E&D | C23: =+'EXPERIENCIA DEL PROPONENTE'!C233 -> 538.12402
A24: 19 | B24: =VLOOKUP(A24,'LISTA DE OFERENTES'!$A$4:$B$80,2,FALSE) -> COVILCO INGENIERIA S.A.S | C24: =+'EXPERIENCIA DEL PROPONENTE'!C247 -> 785.44368
A25: 20 | B25: =VLOOKUP(A25,'LISTA DE OFERENTES'!$A$4:$B$80,2,FALSE) -> CONSORCIO PRO-TEV 24 | C25: =+'EXPERIENCIA DEL PROPONENTE'!C258 -> 547.29525
A26: 22 | B26: =VLOOKUP(A26,'LISTA DE OFERENTES'!$A$4:$B$80,2,FALSE) -> SOLUCIONES PARA LA INGENIERÍA S.A.S. | C26: =+'EXPERIENCIA DEL PROPONENTE'!C284 -> 1421.6004
A27: 23 | B27: =VLOOKUP(A27,'LISTA DE OFERENTES'!$A$4:$B$80,2,FALSE) -> CONSORCIO SAN MARTIN 795 | C27: =+'EXPERIENCIA DEL PROPONENTE'!C296 -> 413.0907
A28: 24 | B28: =VLOOKUP(A28,'LISTA DE OFERENTES'!$A$4:$B$80,2,FALSE) -> CONSORCIO GTC INTERPARK | C28: =+'EXPERIENCIA DEL PROPONENTE'!C309 -> 165.83154
A29: 25 | B29: =VLOOKUP(A29,'LISTA DE OFERENTES'!$A$4:$B$80,2,FALSE) -> CIAF LTDA INGENIERIA | C29: =+'EXPERIENCIA DEL PROPONENTE'!C326 -> 398.92313
A30: 26 | B30: =VLOOKUP(A30,'LISTA DE OFERENTES'!$A$4:$B$80,2,FALSE) -> JESAK SAS | C30: =+'EXPERIENCIA DEL PROPONENTE'!C337 -> 1060.5809
A31: 27 | B31: =VLOOKUP(A31,'LISTA DE OFERENTES'!$A$4:$B$80,2,FALSE) -> INTERVENTORIA Y CONSTRUCIVILES SAS | C31: =+'EXPERIENCIA DEL PROPONENTE'!C350 -> 287.01497
A32: 28 | B32: =VLOOKUP(A32,'LISTA DE OFERENTES'!$A$4:$B$80,2,FALSE) -> CONSORCIO INTER-PARQUES OCCIDENTE | C32: =+'EXPERIENCIA DEL PROPONENTE'!C362 -> 462.09412
A33: 29 | B33: =VLOOKUP(A33,'LISTA DE OFERENTES'!$A$4:$B$80,2,FALSE) -> CONSORCIO EPSILON ENGATIVA | C33: =+'EXPERIENCIA DEL PROPONENTE'!C374 -> 738.2876
A34: 31 | B34: =VLOOKUP(A34,'LISTA DE OFERENTES'!$A$4:$B$80,2,FALSE) -> APP CONSULTORES & ESTRUCTURADORES S.A.S | C34: ='EXPERIENCIA DEL PROPONENTE'!C403 -> 567.0484
A35: 32 | B35: =VLOOKUP(A35,'LISTA DE OFERENTES'!$A$4:$B$80,2,FALSE) -> ARQUITECTURA URBANA LTDA | C35: ='EXPERIENCIA DEL PROPONENTE'!C414 -> 606.64897
A36: 33 | B36: =VLOOKUP(A36,'LISTA DE OFERENTES'!$A$4:$B$80,2,FALSE) -> CONSORCIO TABORA | C36: ='EXPERIENCIA DEL PROPONENTE'!C427 -> 741.83333
A37: 34 | B37: =VLOOKUP(A37,'LISTA DE OFERENTES'!$A$4:$B$80,2,FALSE) -> CONSORCIO CT | C37: =+'EXPERIENCIA DEL PROPONENTE'!C438 -> 512.56725
A38: 36 | B38: =VLOOKUP(A38,'LISTA DE OFERENTES'!$A$4:$B$80,2,FALSE) -> CONSORCIO CONSULTORES ENGATIVA | C38: ='EXPERIENCIA DEL PROPONENTE'!C464 -> 447.12819
A39: 37 | B39: =VLOOKUP(A39,'LISTA DE OFERENTES'!$A$4:$B$80,2,FALSE) -> PROYECTOS DE DESARROLLO E INFRAESTRUCTURA COLOMBIA S.A.S. – PRODEINCOL S.A.S. | C39: ='EXPERIENCIA DEL PROPONENTE'!C478 -> 685.8787
A40: 38 | B40: =VLOOKUP(A40,'LISTA DE OFERENTES'!$A$4:$B$80,2,FALSE) -> R&M CONSTRUCCIONES E INTERVENTORIAS S.A.S. | C40: ='EXPERIENCIA DEL PROPONENTE'!C490 -> 608.37729
A41: 41 | B41: =VLOOKUP(A41,'LISTA DE OFERENTES'!$A$4:$B$80,2,FALSE) -> CONSORCIO PROYECTOS 2024 | C41: ='EXPERIENCIA DEL PROPONENTE'!C529 -> 841.5133
A42: 42 | B42: =VLOOKUP(A42,'LISTA DE OFERENTES'!$A$4:$B$80,2,FALSE) -> CONSORCIO INTERVENTORES S&C | C42: ='EXPERIENCIA DEL PROPONENTE'!C541 -> 713.43939
A43: 43 | B43: =VLOOKUP(A43,'LISTA DE OFERENTES'!$A$4:$B$80,2,FALSE) -> CONSORCIO MOSCU | C43: ='EXPERIENCIA DEL PROPONENTE'!C554 -> 1024.963
A44: 45 | B44: =VLOOKUP(A44,'LISTA DE OFERENTES'!$A$4:$B$80,2,FALSE) -> CONSORCIO IDEA | C44: ='EXPERIENCIA DEL PROPONENTE'!C583 -> 530.15151
A45: 46 | B45: =VLOOKUP(A45,'LISTA DE OFERENTES'!$A$4:$B$80,2,FALSE) -> CONSORCIO ENGATIVA JINT 95 | C45: ='EXPERIENCIA DEL PROPONENTE'!C599 -> 679.36883
A48: OFERENTES | C48: PROMEDIO SMMLV | D48: MEDIA ARIMETICA ALTA | E48: PUNTAJE EXPERIENCIA DEL PROPONENTE
A49: 2 | B49: =VLOOKUP(A49,'LISTA DE OFERENTES'!$A$4:$B$80,2,FALSE) -> CONSORCIO METRO CINCO | C49: =VLOOKUP(A49,$A$11:$C$45,3,FALSE) -> 863.4327 | D49: =+F11 -> 1030.7983 | E49: =IF(C49<$F$11,($I$2*(1-(($D$49-C49)/$D$49))),($I$2*(1-(2*(ABS($D$49-C49)/$D$49))))) -> 56.74977
A50: 4 | B50: =VLOOKUP(A50,'LISTA DE OFERENTES'!$A$4:$B$80,2,FALSE) -> INGECO INGENIERIA DE CONSTRUCCIONES S.A.S | C50: =VLOOKUP(A50,$A$11:$C$45,3,FALSE) -> 700.87483 | E50: =IF(C50<$F$11,($I$2*(1-(($D$49-C50)/$D$49))),($I$2*(1-(2*(ABS($D$49-C50)/$D$49))))) -> 46.065531
A51: 6 | B51: =VLOOKUP(A51,'LISTA DE OFERENTES'!$A$4:$B$80,2,FALSE) -> CONSORCIO PARQUES ENGATIVÁ 2025 | C51: =VLOOKUP(A51,$A$11:$C$45,3,FALSE) -> 365.37945 | E51: =IF(C51<$F$11,($I$2*(1-(($D$49-C51)/$D$49))),($I$2*(1-(2*(ABS($D$49-C51)/$D$49))))) -> 24.014842
A52: 7 | B52: =VLOOKUP(A52,'LISTA DE OFERENTES'!$A$4:$B$80,2,FALSE) -> CONSULTORA COLOMBIANA TRIPLE C S.A.S BIC | C52: =VLOOKUP(A52,$A$11:$C$45,3,FALSE) -> 491.22192 | E52: =IF(C52<$F$11,($I$2*(1-(($D$49-C52)/$D$49))),($I$2*(1-(2*(ABS($D$49-C52)/$D$49))))) -> 32.285934
A53: 8 | B53: =VLOOKUP(A53,'LISTA DE OFERENTES'!$A$4:$B$80,2,FALSE) -> CONSULTORES, DESARROLLO Y AMBIENTE SAS BIC | C53: =VLOOKUP(A53,$A$11:$C$45,3,FALSE) -> 280.71094 | E53: =IF(C53<$F$11,($I$2*(1-(($D$49-C53)/$D$49))),($I$2*(1-(2*(ABS($D$49-C53)/$D$49))))) -> 18.44994
A54: 9 | B54: =VLOOKUP(A54,'LISTA DE OFERENTES'!$A$4:$B$80,2,FALSE) -> CONSORCIO BOGOTÁ | C54: =VLOOKUP(A54,$A$11:$C$45,3,FALSE) -> 753.17971 | E54: =IF(C54<$F$11,($I$2*(1-(($D$49-C54)/$D$49))),($I$2*(1-(2*(ABS($D$49-C54)/$D$49))))) -> 49.503309
A55: 11 | B55: =VLOOKUP(A55,'LISTA DE OFERENTES'!$A$4:$B$80,2,FALSE) -> CONSORCIO PARQUES JAPG 2024 | C55: =VLOOKUP(A55,$A$11:$C$45,3,FALSE) -> 671.04687 | E55: =IF(C55<$F$11,($I$2*(1-(($D$49-C55)/$D$49))),($I$2*(1-(2*(ABS($D$49-C55)/$D$49))))) -> 44.105066
A56: 13 | B56: =VLOOKUP(A56,'LISTA DE OFERENTES'!$A$4:$B$80,2,FALSE) -> CONSORCIO SIGMA | C56: =VLOOKUP(A56,$A$11:$C$45,3,FALSE) -> 460.48311 | E56: =IF(C56<$F$11,($I$2*(1-(($D$49-C56)/$D$49))),($I$2*(1-(2*(ABS($D$49-C56)/$D$49))))) -> 30.265603
A57: 14 | B57: =VLOOKUP(A57,'LISTA DE OFERENTES'!$A$4:$B$80,2,FALSE) -> PROJEKTA LTDA. INGENIEROS CONSULTORES | C57: =VLOOKUP(A57,$A$11:$C$45,3,FALSE) -> 1045.058 | E57: =IF(C57<$F$11,($I$2*(1-(($D$49-C57)/$D$49))),($I$2*(1-(2*(ABS($D$49-C57)/$D$49))))) -> 65.875543
A58: 15 | B58: =VLOOKUP(A58,'LISTA DE OFERENTES'!$A$4:$B$80,2,FALSE) -> PRAN CONSTRUCCIONES S.A.S. | C58: =VLOOKUP(A58,$A$11:$C$45,3,FALSE) -> 572.03 | E58: =IF(C58<$F$11,($I$2*(1-(($D$49-C58)/$D$49))),($I$2*(1-(2*(ABS($D$49-C58)/$D$49))))) -> 37.597107
A59: 16 | B59: =VLOOKUP(A59,'LISTA DE OFERENTES'!$A$4:$B$80,2,FALSE) -> CONSORCIO INTER 1 | C59: =VLOOKUP(A59,$A$11:$C$45,3,FALSE) -> 506.7161 | E59: =IF(C59<$F$11,($I$2*(1-(($D$49-C59)/$D$49))),($I$2*(1-(2*(ABS($D$49-C59)/$D$49))))) -> 33.304301
A60: 17 | B60: =VLOOKUP(A60,'LISTA DE OFERENTES'!$A$4:$B$80,2,FALSE) -> CONSORCIO EG-795 KM | C60: =VLOOKUP(A60,$A$11:$C$45,3,FALSE) -> 912.52861 | E60: =IF(C60<$F$11,($I$2*(1-(($D$49-C60)/$D$49))),($I$2*(1-(2*(ABS($D$49-C60)/$D$49))))) -> 59.976637
A61: 18 | B61: =VLOOKUP(A61,'LISTA DE OFERENTES'!$A$4:$B$80,2,FALSE) -> CONSORCIO INTERENGATIVA E&D | C61: =VLOOKUP(A61,$A$11:$C$45,3,FALSE) -> 538.12402 | E61: =IF(C61<$F$11,($I$2*(1-(($D$49-C61)/$D$49))),($I$2*(1-(2*(ABS($D$49-C61)/$D$49))))) -> 35.36861
... A83: 46 | B83: =VLOOKUP(A83,'LISTA DE OFERENTES'!$A$4:$B$80,2,FALSE) -> CONSORCIO ENGATIVA JINT 95 | C83: =VLOOKUP(A83,$A$11:$C$45,3,FALSE) -> 679.36883 | E83: =IF(C83<$F$11,($I$2*(1-(($D$49-C83)/$D$49))),($I$2*(1-(2*(ABS($D$49-C83)/$D$49))))) -> 44.652033

Sheet OBRAS INCONCLUSAS
A1: FONDO DE DESARROLLO LOCAL DE ENGATIVÁ
A2: FDLE-CMA-795-2024
A3: REALIZAR LA INTERVENTORÍA TÉCNICA, JURÍDICA, ADMINISTRATIVA, FINANCIERA, AMBIENTAL, SOCIAL, SST Y PMTS AL CONTRATO QUE TIENE POR OBJETO: “REALIZAR A MONTO AGOTABLE Y A PRECIOS UNITARIOS LA INTERVENCIÓN DE LOS PARQUES VECINALES Y/O DE BOLSILLO Y ESPACIO PÚBLICO (ANDENES PERIMETRALES) EN LA LOCALIDAD DE ENGATIVÁ
A5: No. | B5: Nombre de Oferente : | C5: VERIFICACIÓN REGISTRO NACIONAL DE OBRAS INCONCLUSAS
A6: 1 | B6: CONSORCIO PARQUES IA | C6: NO REGISTRA OBRAS INCONCLUSAS
A7: 2 | B7: CONSORCIO METRO CINCO | C7: NO REGISTRA OBRAS INCONCLUSAS
A8: 3 | B8: HR ING SAS | C8: NO REGISTRA OBRAS INCONCLUSAS
A9: 4 | B9: INGECO SAS | C9: NO REGISTRA OBRAS INCONCLUSAS
A10: 5 | B10: A&G PLUS SAS | C10: NO REGISTRA OBRAS INCONCLUSAS
A11: 6 | B11: CONSORCIO PARQUE DE ENGATIVA 2025 | C11: NO REGISTRA OBRAS INCONCLUSAS
A12: 7 | B12: TRIPLE C SAS | C12: NO REGISTRA OBRAS INCONCLUSAS
A13: 8 | B13: CONSULTORES, DESARROLLO Y AMBIENTE S.A.S. BIC | C13: NO REGISTRA OBRAS INCONCLUSAS
A14: 9 | B14: CONSORCIO BOGOTA | C14: NO REGISTRA OBRAS INCONCLUSAS
A15: 10 | B15: LOS ROSALES CONSTRUCTORA INMOBILIARIA SAS | C15: NO REGISTRA OBRAS INCONCLUSAS
A16: 11 | B16: CONSORCIO PARQUES JAPG 2024 | C16: NO REGISTRA OBRAS INCONCLUSAS
A17: 12 | B17: ESTUDIOS TECNICOS Y CONSTRUCCIONES SAS | C17: NO REGISTRA OBRAS INCONCLUSAS
... A24: 19 | B24: COVILCO INGENIERIA SAS | C24: NO REGISTRA OBRAS INCONCLUSAS
A25: 20 | B25: ='LISTA DE OFERENTES'!B23 -> CONSORCIO PRO-TEV 24 | C25: NO REGISTRA OBRAS INCONCLUSAS
A26: 21 | B26: ='LISTA DE OFERENTES'!B24 -> CONSORCIO INTER PARQUES ENGATIVA G&L | C26: NO REGISTRA OBRAS INCONCLUSAS
A27: 22 | B27: ='LISTA DE OFERENTES'!B25 -> SOLUCIONES PARA LA INGENIERÍA S.A.S. | C27: NO REGISTRA OBRAS INCONCLUSAS
A28: 23 | B28: ='LISTA DE OFERENTES'!B26 -> CONSORCIO SAN MARTIN 795 | C28: NO REGISTRA OBRAS INCONCLUSAS
A29: 24 | B29: ='LISTA DE OFERENTES'!B27 -> CONSORCIO GTC INTERPARK | C29: NO REGISTRA OBRAS INCONCLUSAS
A30: 25 | B30: ='LISTA DE OFERENTES'!B28 -> CIAF LTDA INGENIERIA | C30: NO REGISTRA OBRAS INCONCLUSAS
A31: 26 | B31: JESAK SAS | C31: NO REGISTRA OBRAS INCONCLUSAS
A32: 27 | B32: INTERVENTORIA CONSTRUCIVILES SAS | C32: NO REGISTRA OBRAS INCONCLUSAS
A33: 28 | B33: CONSORCIO INTER-PARQUES OCCIDENTE | C33: NO REGISTRA OBRAS INCONCLUSAS
A34: 29 | B34: CONSORCIO EPSILON ENGATIVA | C34: NO REGISTRA OBRAS INCONCLUSAS
A35: 30 | B35: CONSORCIO IA PLUS 2024 | C35: NO REGISTRA OBRAS INCONCLUSAS
A36: 31 | B36: APP C&E SAS | C36: NO REGISTRA OBRAS INCONCLUSAS
A37: 32 | B37: ARQUITECTURA URBANA LTDA | C37: NO REGISTRA OBRAS INCONCLUSAS
A38: 33 | B38: CONSORCIO TABORA | C38: NO REGISTRA OBRAS INCONCLUSAS
A39: 34 | B39: CONSORCIO CT | C39: NO REGISTRA OBRAS INCONCLUSAS
A40: 35 | B40: CONSORCIO INVIMAZ 2024 | C40: NO REGISTRA OBRAS INCONCLUSAS
A41: 36 | B41: CONSORCIO CONSULTORES ENGATIVA | C41: NO REGISTRA OBRAS INCONCLUSAS
A42: 37 | B42: PRODEINCOL SAS | C42: NO REGISTRA OBRAS INCONCLUSAS
... A51: 46 | B51: CONSORCIO ENGATIVA JINT 95 | C51: NO REGISTRA OBRAS INCONCLUSAS

Sheet F. PONDERABLES
A1: FONDO DE DESARROLLO LOCAL DE ENGATIVÁ
A2: CONCURSO DE MERITOS ABIERTO FDLE-CMA-795-2024
A3: FACTORES PONDERABLES
A7: FACTORES PONDERABLES / PUNTAJE FINAL | C7: EXPERIENCIA DEL PROPONENTE (67,75 PUNTOS) | D7: EQUIPO DE TRABAJO (PERSONAL CLAVE EVALUABLE) (10 PUNTOS) | E7: FACTOR DE SOSTENIBILIDAD (1 PUNTO) | F7: APOYO A LA INDUSTRIA NACIONAL (20 PUNTOS) | G7: VINCULACIÓN DE PERSONAS CON DISCAPACIDAD (1 PUNTO) | H7: EMPRENDIMIENTO Y EMPRESAS DE MUJERES (0,25 PUNTOS) | I7: ANOTACIONES REGISTRO NACIONAL DE OBRAS INCONCLUSAS ( -1 PUNTO) | J7: MULTAS Y SANCIONES ( -2 PUNTOS) | K7: PUNTAJE TOTAL | L7: OBSERVACIONES
A8: 2 | B8: =VLOOKUP(A8,'LISTA DE OFERENTES'!$A$4:$F$49,2,FALSE) -> CONSORCIO METRO CINCO | C8: =+VLOOKUP('F. PONDERABLES'!A8,'MEDIA ARITMETICA ALTA'!$A$49:$F$83,5,FALSE) -> 56.74977 | D8: 10 | E8: 0 | F8: 20 | G8: 1 | H8: 0.25 | K8: =SUM(C8:J8) -> 87.99977 | L8: NO SE OTORGA EL PUNTAJE DE FACTOR DE SOSTENIBILIDAD, DADO QUE EL OFERENTE MODIFICO EL FORMATO DE LOS DOCUMENTOS PLIEGO TIPO DE ORDEN NACIONAL PARA LOS PROCESOS DE INTERVENTORÍA DE INFRAESTRUCTURA SOCIAL.
A9: 4 | B9: =VLOOKUP(A9,'LISTA DE OFERENTES'!$A$4:$F$49,2,FALSE) -> INGECO INGENIERIA DE CONSTRUCCIONES S.A.S | C9: =+VLOOKUP('F. PONDERABLES'!A9,'MEDIA ARITMETICA ALTA'!$A$49:$F$83,5,FALSE) -> 46.065531 | D9: 10 | E9: 1 | F9: 20 | G9: 1 | H9: 0.25 | K9: =SUM(C9:J9) -> 78.315531
A10: 6 | B10: =VLOOKUP(A10,'LISTA DE OFERENTES'!$A$4:$F$49,2,FALSE) -> CONSORCIO PARQUES ENGATIVÁ 2025 | C10: =+VLOOKUP('F. PONDERABLES'!A10,'MEDIA ARITMETICA ALTA'!$A$49:$F$83,5,FALSE) -> 24.014842 | D10: 10 | E10: 1 | F10: 20 | G10: 1 | H10: 0.25 | K10: =SUM(C10:J10) -> 56.264842
A11: 7 | B11: =VLOOKUP(A11,'LISTA DE OFERENTES'!$A$4:$F$49,2,FALSE) -> CONSULTORA COLOMBIANA TRIPLE C S.A.S BIC | C11: =+VLOOKUP('F. PONDERABLES'!A11,'MEDIA ARITMETICA ALTA'!$A$49:$F$83,5,FALSE) -> 32.285934 | D11: 10 | E11: 1 | F11: 20 | G11: 1 | H11: 0.25 | K11: =SUM(C11:J11) -> 64.535934
A12: 8 | B12: =VLOOKUP(A12,'LISTA DE OFERENTES'!$A$4:$F$49,2,FALSE) -> CONSULTORES, DESARROLLO Y AMBIENTE SAS BIC | C12: =+VLOOKUP('F. PONDERABLES'!A12,'MEDIA ARITMETICA ALTA'!$A$49:$F$83,5,FALSE) -> 18.44994 | D12: 10 | E12: 1 | F12: 20 | G12: 1 | H12: 0.25 | K12: =SUM(C12:J12) -> 50.69994
A13: 9 | B13: =VLOOKUP(A13,'LISTA DE OFERENTES'!$A$4:$F$49,2,FALSE) -> CONSORCIO BOGOTÁ | C13: =+VLOOKUP('F. PONDERABLES'!A13,'MEDIA ARITMETICA ALTA'!$A$49:$F$83,5,FALSE) -> 49.503309 | D13: 10 | E13: 1 | F13: 20 | G13: 0 | H13: 0 | K13: =SUM(C13:J13) -> 80.503309 | L13: NO SE OTORGA EL PUNTAJE PARA VINCULACIÓN DE PERSONAS CON DISCAPACIDAD Y EMPRENDIMIENTO Y EMPRESAS DE MUJERES, DADO QUE DENTRO DE LA PROPUESTA NO SE ENCUENTRAN LOS DOCUMENTOS PARA EL OTORGAMIENTO DE DICHO PUNTAJE DE ACUERDO CON LO ESTABLECIDO EN EL PLIEGO DE CONDICIONES.
A14: 11 | B14: =VLOOKUP(A14,'LISTA DE OFERENTES'!$A$4:$F$49,2,FALSE) -> CONSORCIO PARQUES JAPG 2024 | C14: =+VLOOKUP('F. PONDERABLES'!A14,'MEDIA ARITMETICA ALTA'!$A$49:$F$83,5,FALSE) -> 44.105066 | D14: 10 | E14: 1 | F14: 20 | G14: 1 | H14: 0.25 | K14: =SUM(C14:J14) -> 76.355066
A15: 13 | B15: =VLOOKUP(A15,'LISTA DE OFERENTES'!$A$4:$F$49,2,FALSE) -> CONSORCIO SIGMA | C15: =+VLOOKUP('F. PONDERABLES'!A15,'MEDIA ARITMETICA ALTA'!$A$49:$F$83,5,FALSE) -> 30.265603 | D15: 10 | E15: 1 | F15: 20 | G15: 1 | H15: 0.25 | K15: =SUM(C15:J15) -> 62.515603 | L15: PRESENTA EL PERSONAL CON DISCAPACIDAD EL CONSORCIADO 2C INGENIEROS SA-**% SE SOLICITA precisión sobre el tipo de asociación
A16: 14 | B16: =VLOOKUP(A16,'LISTA DE OFERENTES'!$A$4:$F$49,2,FALSE) -> PROJEKTA LTDA. INGENIEROS CONSULTORES | C16: =+VLOOKUP('F. PONDERABLES'!A16,'MEDIA ARITMETICA ALTA'!$A$49:$F$83,5,FALSE) -> 65.875543 | D16: 10 | E16: 1 | F16: 20 | G16: 1 | H16: 0.25 | K16: =SUM(C16:J16) -> 98.125543
A17: 15 | B17: =VLOOKUP(A17,'LISTA DE OFERENTES'!$A$4:$F$49,2,FALSE) -> PRAN CONSTRUCCIONES S.A.S. | C17: =+VLOOKUP('F. PONDERABLES'!A17,'MEDIA ARITMETICA ALTA'!$A$49:$F$83,5,FALSE) -> 37.597107 | D17: 10 | E17: 1 | F17: 20 | G17: 1 | H17: 0.25 | K17: =SUM(C17:J17) -> 69.847107
A18: 16 | B18: =VLOOKUP(A18,'LISTA DE OFERENTES'!$A$4:$F$49,2,FALSE) -> CONSORCIO INTER 1 | C18: =+VLOOKUP('F. PONDERABLES'!A18,'MEDIA ARITMETICA ALTA'!$A$49:$F$83,5,FALSE) -> 33.304301 | D18: 10 | E18: 1 | F18: 20 | G18: 1 | H18: 0.25 | K18: =SUM(C18:J18) -> 65.554301
A19: 17 | B19: =VLOOKUP(A19,'LISTA DE OFERENTES'!$A$4:$F$49,2,FALSE) -> CONSORCIO EG-795 KM | C19: =+VLOOKUP('F. PONDERABLES'!A19,'MEDIA ARITMETICA ALTA'!$A$49:$F$83,5,FALSE) -> 59.976637 | D19: 10 | E19: 1 | F19: 20 | G19: 1 | H19: 0.25 | K19: =SUM(C19:J19) -> 92.226637
A20: 18 | B20: =VLOOKUP(A20,'LISTA DE OFERENTES'!$A$4:$F$49,2,FALSE) -> CONSORCIO INTERENGATIVA E&D | C20: =+VLOOKUP('F. PONDERABLES'!A20,'MEDIA ARITMETICA ALTA'!$A$49:$F$83,5,FALSE) -> 35.36861 | D20: 10 | E20: 1 | F20: 20 | G20: 1 | H20: 0.25 | K20: =SUM(C20:J20) -> 67.61861
A21: 19 | B21: =VLOOKUP(A21,'LISTA DE OFERENTES'!$A$4:$F$49,2,FALSE) -> COVILCO INGENIERIA S.A.S | C21: =+VLOOKUP('F. PONDERABLES'!A21,'MEDIA ARITMETICA ALTA'!$A$49:$F$83,5,FALSE) -> 51.623883 | D21: 10 | E21: 1 | F21: 20 | G21: 0 | H21: 0 | K21: =SUM(C21:J21) -> 82.623883 | L21: NO SE OTORGA EL PUNTAJE POR VINCULACIÓN DE PERSONAS CON DISCAPACIDAD Y EMPRENDIMIENTO Y EMPRESAS DE MUJERES, DADO QUE DENTRO DE LA PROPUESTA NO SE ENCUENTRAN LOS DOCUMENTOS PARA EL OTORGAMIENTO DE DICHO PUNTAJE DE ACUERDO CON LO ESTABLECIDO EN EL PLIEGO DE CONDICIONES.
A22: 20 | B22: =VLOOKUP(A22,'LISTA DE OFERENTES'!$A$4:$F$49,2,FALSE) -> CONSORCIO PRO-TEV 24 | C22: =+VLOOKUP('F. PONDERABLES'!A22,'MEDIA ARITMETICA ALTA'!$A$49:$F$83,5,FALSE) -> 35.971396 | D22: 10 | E22: 1 | F22: 20 | G22: 1 | H22: 0.25 | K22: =SUM(C22:J22) -> 68.221396
A23: 22 | B23: =VLOOKUP(A23,'LISTA DE OFERENTES'!$A$4:$F$49,2,FALSE) -> SOLUCIONES PARA LA INGENIERÍA S.A.S. | C23: =+VLOOKUP('F. PONDERABLES'!A23,'MEDIA ARITMETICA ALTA'!$A$49:$F$83,5,FALSE) -> 16.378472 | D23: 10 | E23: 1 | F23: 20 | G23: 1 | H23: 0.25 | K23: =SUM(C23:J23) -> 48.628472
A24: 23 | B24: =VLOOKUP(A24,'LISTA DE OFERENTES'!$A$4:$F$49,2,FALSE) -> CONSORCIO SAN MARTIN 795 | C24: =+VLOOKUP('F. PONDERABLES'!A24,'MEDIA ARITMETICA ALTA'!$A$49:$F$83,5,FALSE) -> 27.1507 | D24: 10 | E24: 1 | F24: 20 | G24: 1 | H24: 0.25 | K24: =SUM(C24:J24) -> 59.4007
A25: 24 | B25: =VLOOKUP(A25,'LISTA DE OFERENTES'!$A$4:$F$49,2,FALSE) -> CONSORCIO GTC INTERPARK | C25: =+VLOOKUP('F. PONDERABLES'!A25,'MEDIA ARITMETICA ALTA'!$A$49:$F$83,5,FALSE) -> 10.899404 | D25: 10 | E25: 1 | F25: 20 | G25: 0 | H25: 0.25 | K25: =SUM(C25:J25) -> 42.149404 | L25: NO SE OTORGA EL PUNTAJE POR VINCULACIÓN DE PERSONAS CON DISCAPACIDAD, DADO QUE DENTRO DE LA PROPUESTA NO SE ENCUENTRAN LOS DOCUMENTOS PARA EL OTORGAMIENTO DE DICHO PUNTAJE DE ACUERDO CON LO ESTABLECIDO EN EL PLIEGO DE CONDICIONES.
A26: 25 | B26: =VLOOKUP(A26,'LISTA DE OFERENTES'!$A$4:$F$49,2,FALSE) -> CIAF LTDA INGENIERIA | C26: =+VLOOKUP('F. PONDERABLES'!A26,'MEDIA ARITMETICA ALTA'!$A$49:$F$83,5,FALSE) -> 26.219526 | D26: 10 | E26: 1 | F26: 20 | G26: 1 | H26: 0 | K26: =SUM(C26:J26) -> 58.219526 | L26: NO SE OTORGA PUNTAJE POR EMPRENDIMIENTO Y EMPRESAS MUJERES DADO QUE NO SE ADJUNTA EL CERTIFICADO DE APORTES AL SISTEMA DE SEGURIDAD SOCIAL DEL ULTIMO AÑO TAL COMO LO SOLICITA EL PLIEGO DE CONDICIONES.
A27: 26 | B27: =VLOOKUP(A27,'LISTA DE OFERENTES'!$A$4:$F$49,2,FALSE) -> JESAK SAS | C27: =+VLOOKUP('F. PONDERABLES'!A27,'MEDIA ARITMETICA ALTA'!$A$49:$F$83,5,FALSE) -> 63.835029 | D27: 10 | E27: 1 | F27: 20 | G27: 1 | H27: 0.25 | K27: =SUM(C27:J27) -> 96.085029
A28: 27 | B28: =VLOOKUP(A28,'LISTA DE OFERENTES'!$A$4:$F$49,2,FALSE) -> INTERVENTORIA Y CONSTRUCIVILES SAS | C28: =+VLOOKUP('F. PONDERABLES'!A28,'MEDIA ARITMETICA ALTA'!$A$49:$F$83,5,FALSE) -> 18.864277 | D28: 10 | E28: 1 | F28: 20 | G28: 1 | H28: 0.25 | K28: =SUM(C28:J28) -> 51.114277
A29: 28 | B29: =VLOOKUP(A29,'LISTA DE OFERENTES'!$A$4:$F$49,2,FALSE) -> CONSORCIO INTER-PARQUES OCCIDENTE | C29: =+VLOOKUP('F. PONDERABLES'!A29,'MEDIA ARITMETICA ALTA'!$A$49:$F$83,5,FALSE) -> 30.371487 | D29: 10 | E29: 1 | F29: 20 | G29: 1 | H29: 0.25 | K29: =SUM(C29:J29) -> 62.621487
A30: 29 | B30: =VLOOKUP(A30,'LISTA DE OFERENTES'!$A$4:$F$49,2,FALSE) -> CONSORCIO EPSILON ENGATIVA | C30: =+VLOOKUP('F. PONDERABLES'!A30,'MEDIA ARITMETICA ALTA'!$A$49:$F$83,5,FALSE) -> 48.524514 | D30: 10 | E30: 1 | F30: 20 | G30: 1 | H30: 0.25 | K30: =SUM(C30:J30) -> 80.774514
A31: 31 | B31: =VLOOKUP(A31,'LISTA DE OFERENTES'!$A$4:$F$49,2,FALSE) -> APP CONSULTORES & ESTRUCTURADORES S.A.S | C31: =+VLOOKUP('F. PONDERABLES'!A31,'MEDIA ARITMETICA ALTA'!$A$49:$F$83,5,FALSE) -> 37.269687 | D31: 10 | E31: 1 | F31: 20 | G31: 1 | H31: 0.25 | K31: =SUM(C31:J31) -> 69.519687
A32: 32 | B32: =VLOOKUP(A32,'LISTA DE OFERENTES'!$A$4:$F$49,2,FALSE) -> ARQUITECTURA URBANA LTDA | C32: =+VLOOKUP('F. PONDERABLES'!A32,'MEDIA ARITMETICA ALTA'!$A$49:$F$83,5,FALSE) -> 39.872465 | D32: 10 | E32: 1 | F32: 20 | G32: 1 | H32: 0.25 | K32: =SUM(C32:J32) -> 72.122465
A33: 33 | B33: =VLOOKUP(A33,'LISTA DE OFERENTES'!$A$4:$F$49,2,FALSE) -> CONSORCIO TABORA | C33: =+VLOOKUP('F. PONDERABLES'!A33,'MEDIA ARITMETICA ALTA'!$A$49:$F$83,5,FALSE) -> 48.75756 | D33: 10 | E33: 1 | F33: 20 | G33: 1 | H33: 0.25 | K33: =SUM(C33:J33) -> 81.00756
A34: 34 | B34: =VLOOKUP(A34,'LISTA DE OFERENTES'!$A$4:$F$49,2,FALSE) -> CONSORCIO CT | C34: =+VLOOKUP('F. PONDERABLES'!A34,'MEDIA ARITMETICA ALTA'!$A$49:$F$83,5,FALSE) -> 33.688872 | D34: 10 | E34: 1 | F34: 20 | G34: 1 | H34: 0.25 | K34: =SUM(C34:J34) -> 65.938872
A35: 36 | B35: =VLOOKUP(A35,'LISTA DE OFERENTES'!$A$4:$F$49,2,FALSE) -> CONSORCIO CONSULTORES ENGATIVA | C35: =+VLOOKUP('F. PONDERABLES'!A35,'MEDIA ARITMETICA ALTA'!$A$49:$F$83,5,FALSE) -> 29.38784 | D35: 10 | E35: 1 | F35: 20 | G35: 1 | H35: 0.25 | K35: =SUM(C35:J35) -> 61.63784
A36: 37 | B36: =VLOOKUP(A36,'LISTA DE OFERENTES'!$A$4:$F$49,2,FALSE) -> PROYECTOS DE DESARROLLO E INFRAESTRUCTURA COLOMBIA S.A.S. – PRODEINCOL S.A.S. | C36: =+VLOOKUP('F. PONDERABLES'!A36,'MEDIA ARITMETICA ALTA'!$A$49:$F$83,5,FALSE) -> 45.079899 | D36: 10 | E36: 1 | F36: 20 | G36: 0 | H36: 0.25 | K36: =SUM(C36:J36) -> 76.329899 | L36: NO SE OTORGA PUNTAJE POR VINCULACION DE PERSONAS CON DISCAPACIDAD, DADO QUE EL OFERENTE NO PRESENTA FORMATO No. 6 VINCULACIÓN DE PERSONAS EN CONDICIÓN DE DISCAPACIDAD.
A37: 38 | B37: =VLOOKUP(A37,'LISTA DE OFERENTES'!$A$4:$F$49,2,FALSE) -> R&M CONSTRUCCIONES E INTERVENTORIAS S.A.S. | C37: =+VLOOKUP('F. PONDERABLES'!A37,'MEDIA ARITMETICA ALTA'!$A$49:$F$83,5,FALSE) -> 39.98606 | D37: 10 | E37: 1 | F37: 20 | G37: 1 | H37: 0.25 | K37: =SUM(C37:J37) -> 72.23606
A38: 41 | B38: =VLOOKUP(A38,'LISTA DE OFERENTES'!$A$4:$F$49,2,FALSE) -> CONSORCIO PROYECTOS 2024 | C38: =+VLOOKUP('F. PONDERABLES'!A38,'MEDIA ARITMETICA ALTA'!$A$49:$F$83,5,FALSE) -> 55.309101 | D38: 10 | E38: 1 | F38: 20 | G38: 1 | H38: 0.25 | K38: =SUM(C38:J38) -> 87.559101
A39: 42 | B39: =VLOOKUP(A39,'LISTA DE OFERENTES'!$A$4:$F$49,2,FALSE) -> CONSORCIO INTERVENTORES S&C | C39: =+VLOOKUP('F. PONDERABLES'!A39,'MEDIA ARITMETICA ALTA'!$A$49:$F$83,5,FALSE) -> 46.891346 | D39: 10 | E39: 1 | F39: 20 | G39: 1 | H39: 0.25 | K39: =SUM(C39:J39) -> 79.141346
A40: 43 | B40: =VLOOKUP(A40,'LISTA DE OFERENTES'!$A$4:$F$49,2,FALSE) -> CONSORCIO MOSCU | C40: =+VLOOKUP('F. PONDERABLES'!A40,'MEDIA ARITMETICA ALTA'!$A$49:$F$83,5,FALSE) -> 67.366475 | D40: 10 | E40: 1 | F40: 20 | G40: 1 | H40: 0.25 | K40: =SUM(C40:J40) -> 99.616475
A41: 45 | B41: =VLOOKUP(A41,'LISTA DE OFERENTES'!$A$4:$F$49,2,FALSE) -> CONSORCIO IDEA | C41: =+VLOOKUP('F. PONDERABLES'!A41,'MEDIA ARITMETICA ALTA'!$A$49:$F$83,5,FALSE) -> 34.844611 | D41: 10 | E41: 1 | F41: 20 | G41: 1 | H41: 0.25 | K41: =SUM(C41:J41) -> 67.094611
A42: 46 | B42: =VLOOKUP(A42,'LISTA DE OFERENTES'!$A$4:$F$49,2,FALSE) -> CONSORCIO ENGATIVA JINT 95 | C42: =+VLOOKUP('F. PONDERABLES'!A42,'MEDIA ARITMETICA ALTA'!$A$49:$F$83,5,FALSE) -> 44.652033 | D42: 10 | E42: 1 | F42: 20 | G42: 1 | H42: 0.25 | K42: =SUM(C42:J42) -> 76.902033

Sheet ORDEN ELEGIBILIDAD
A1: FONDO DE DESARROLLO LOCAL DE ENGATIVÁ
A2: CONCURSO DE MERITOS ABIERTO FDLE-CMA-795-2024
A3: ORDEN DE ELEGIBILIDAD
A7: ORDEN DE ELEGIBILIDAD | B7: No. OFERENTE | C7: OFERENTE | D7: PUNTAJE TOTAL
A8: 1 | B8: 43 | C8: =+VLOOKUP(B8,'F. PONDERABLES'!$A$8:$K$42,2) -> CONSORCIO MOSCU | D8: =+VLOOKUP(B8,'F. PONDERABLES'!$A$8:$K$42,11) -> 99.616475
A9: =A8+1 -> 2 | B9: 14 | C9: =+VLOOKUP(B9,'F. PONDERABLES'!$A$8:$K$42,2) -> PROJEKTA LTDA. INGENIEROS CONSULTORES | D9: =+VLOOKUP(B9,'F. PONDERABLES'!$A$8:$K$42,11) -> 98.125543
A10: =A9+1 -> 3 | B10: 26 | C10: =+VLOOKUP(B10,'F. PONDERABLES'!$A$8:$K$42,2) -> JESAK SAS | D10: =+VLOOKUP(B10,'F. PONDERABLES'!$A$8:$K$42,11) -> 96.085029
A11: =A10+1 -> 4 | B11: 17 | C11: =+VLOOKUP(B11,'F. PONDERABLES'!$A$8:$K$42,2) -> CONSORCIO EG-795 KM | D11: =+VLOOKUP(B11,'F. PONDERABLES'!$A$8:$K$42,11) -> 92.226637
A12: =A11+1 -> 5 | B12: 2 | C12: =+VLOOKUP(B12,'F. PONDERABLES'!$A$8:$K$42,2) -> CONSORCIO METRO CINCO | D12: =+VLOOKUP(B12,'F. PONDERABLES'!$A$8:$K$42,11) -> 87.99977
A13: =A12+1 -> 6 | B13: 41 | C13: =+VLOOKUP(B13,'F. PONDERABLES'!$A$8:$K$42,2) -> CONSORCIO PROYECTOS 2024 | D13: =+VLOOKUP(B13,'F. PONDERABLES'!$A$8:$K$42,11) -> 87.559101
A14: =A13+1 -> 7 | B14: 19 | C14: =+VLOOKUP(B14,'F. PONDERABLES'!$A$8:$K$42,2) -> COVILCO INGENIERIA S.A.S | D14: =+VLOOKUP(B14,'F. PONDERABLES'!$A$8:$K$42,11) -> 82.623883
A15: =A14+1 -> 8 | B15: 33 | C15: =+VLOOKUP(B15,'F. PONDERABLES'!$A$8:$K$42,2) -> CONSORCIO TABORA | D15: =+VLOOKUP(B15,'F. PONDERABLES'!$A$8:$K$42,11) -> 81.00756
A16: =A15+1 -> 9 | B16: 29 | C16: =+VLOOKUP(B16,'F. PONDERABLES'!$A$8:$K$42,2) -> CONSORCIO EPSILON ENGATIVA | D16: =+VLOOKUP(B16,'F. PONDERABLES'!$A$8:$K$42,11) -> 80.774514
A17: =A16+1 -> 10 | B17: 9 | C17: =+VLOOKUP(B17,'F. PONDERABLES'!$A$8:$K$42,2) -> CONSORCIO BOGOTÁ | D17: =+VLOOKUP(B17,'F. PONDERABLES'!$A$8:$K$42,11) -> 80.503309
A18: =A17+1 -> 11 | B18: 42 | C18: =+VLOOKUP(B18,'F. PONDERABLES'!$A$8:$K$42,2) -> CONSORCIO INTERVENTORES S&C | D18: =+VLOOKUP(B18,'F. PONDERABLES'!$A$8:$K$42,11) -> 79.141346
A19: =A18+1 -> 12 | B19: 4 | C19: =+VLOOKUP(B19,'F. PONDERABLES'!$A$8:$K$42,2) -> INGECO INGENIERIA DE CONSTRUCCIONES S.A.S | D19: =+VLOOKUP(B19,'F. PONDERABLES'!$A$8:$K$42,11) -> 78.315531
A20: =A19+1 -> 13 | B20: 46 | C20: =+VLOOKUP(B20,'F. PONDERABLES'!$A$8:$K$42,2) -> CONSORCIO ENGATIVA JINT 95 | D20: =+VLOOKUP(B20,'F. PONDERABLES'!$A$8:$K$42,11) -> 76.902033
... A42: =A41+1 -> 35 | B42: 24 | C42: =+VLOOKUP(B42,'F. PONDERABLES'!$A$8:$K$42,2) -> CONSORCIO GTC INTERPARK | D42: =+VLOOKUP(B42,'F. PONDERABLES'!$A$8:$K$42,11) -> 42.149404
